 Dungeon Crawl Stone Soup version 0.31-a0-222-gefeffbb62a (webtiles) character file.

Game seed: 11500862761245258266

427899 qw the Slayer (level 23, -19/162 HPs)
             Began as a Gargoyle Fighter on July 4, 2023.
             Was a High Priest of Okawaru.
             Killed from afar by an ancient lich (66 damage)
             ... with a bolt of acid
             ... on level 5 of the Vaults.
             The game lasted 00:27:53 (44553 turns).

qw the Slayer (Gargoyle Fighter)                   Turns: 44553, Time: 00:27:54

Health: -19/162    AC: 58    Str: 53    XL:     23   Next: 85%
Magic:  23/30      EV: 21    Int: 18    God:    Okawaru [*****.]
Gold:   1748       SH: 34    Dex: 13    Spells: 22/22 levels left

rFire   + . .        o - +1 broad axe of the Wasp {heavy, Drain rC+ Str+6 SInv}
rCold   + . .        a - +10 tower shield "Ejuick" {Str+7}
rNeg    + . .        c - +8 plate armour of the Kangaroo {-Cast rF+ Str+5}
rPois   inf          x - +2 helmet
rElec   +            w - +2 cloak
rCorr   .            J - +2 pair of gloves of True Grit {Str+4}
SInv    +            D - +1 pair of boots of Awe {Drain rElec Dex+4 SInv}
Will    ++...        q - amulet of faith Stlth
                     Y - +5 ring of evasion
HPRegen 0.47/turn    A - ring "Plog" {Will+ Str+3 Int+6 Slay+3}
MPRegen 0.22/turn

%: no spellcasting, faith
@: heroic, finesse-ful, marked, corroded, flying
A: sickness immunity, AC +17, big wings, negative energy resistance 1,
electricity resistance, torment resistance 1, petrification resistance
}: 2/15 runes: barnacled, gossamer
a: Renounce Religion, Heroism, Finesse, Duel


You were on level 5 of the Vaults.
You worshipped Okawaru.
Okawaru was extremely pleased with you.
You visited 8 branches of the dungeon, and saw 40 of its levels.

You collected 5552 gold pieces.
You spent 3804 gold pieces at shops.


Innate Abilities, Weirdness & Mutations

You are immune to sickness and miasma.
Your stone body is resilient. (AC +17)
You are immune to poison.
Your large and strong wings let you fly.
You resist negative energy. (rN+)
You are resistant to electric shocks. (rElec)
You are resistant to unholy torment.
You are immune to petrification.


   Skills:
 - Level 22.0(27) Fighting
 - Level 18.0(23.0) Axes
 - Level 12.1(17.1) Throwing
 + Level 20.4(25.4) Armour
 - Level 9.0(14.0) Dodging
 - Level 21.2(26.2) Shields
 - Level 10.0 Invocations


You had 22 spell levels left.
You didn't know any spells.
Your spell library was empty.

Inventory:

Hand Weapons
 b - a +2 heavy broad axe
 o - the +1 broad axe of the Wasp (weapon) {heavy, Drain rC+ Str+6 SInv}
   (Okawaru gifted it to you on level 3 of the Vaults)

   Str:       It affects your strength (+6).
   rC:        It protects you from cold.
   SInv:      It lets you see invisible.
   Drain:     It drains your maximum health when unequipped.
 C - the +6 broad axe of Baacluf {heavy, Str+4}
   (Okawaru gifted it to you on level 3 of the Lair of Beasts)

   Str:       It affects your strength (+4).
Missiles
 v - 29 javelins
Armour
 a - the +10 tower shield "Ejuick" (worn) {Str+7}
   (You found it on level 3 of the Dungeon)

   Str:       It affects your strength (+7).
 c - the +8 plate armour of the Kangaroo (worn) {-Cast rF+ Str+5}
   (You acquired it on level 2 of the Vaults)

   Str:       It affects your strength (+5).
   rF:        It protects you from fire.
   -Cast:     It prevents spellcasting.
 i - the +0 pair of boots "Hocsim" {rCorr}
   (You found it on level 4 of the Dungeon)

   rCorr:     It protects you from acid and corrosion.
 s - +0 acid dragon scales
 w - a +2 cloak (worn)
 x - a +2 helmet (worn)
 D - the +1 pair of boots of Awe (worn) {Drain rElec Dex+4 SInv}
   (Okawaru gifted it to you on level 4 of the Lair of Beasts)

   Dex:       It affects your dexterity (+4).
   rElec:     It insulates you from electricity.
   SInv:      It lets you see invisible.
   Drain:     It drains your maximum health when unequipped.
 J - the +2 pair of gloves of True Grit (worn) {Str+4}
   (Okawaru gifted it to you on level 13 of the Dungeon)

   Str:       It affects your strength (+4).
Jewellery
 j - an amulet of reflection
 q - an amulet of faith (around neck)
 u - a ring of resist corrosion
 A - the ring "Plog" (right hand) {Will+ Str+3 Int+6 Slay+3}
   (You found it on level 1 of the Vaults)

   [ring of intelligence]

   Str:       It affects your strength (+3).
   Int:       It affects your intelligence (+6).
   Slay:      It affects your accuracy & damage with ranged weapons and melee
   (+3).
   Will:      It increases your willpower.
 B - a ring of protection from cold
 F - a ring of protection from fire
 H - a ring of protection from fire
 L - a ring of protection from cold
 M - a ring of resist corrosion
 Y - a +5 ring of evasion (left hand)
Wands
 g - a wand of digging (10)
Scrolls
 m - 14 scrolls of identify
 y - 10 scrolls of teleportation
 G - a scroll of brand weapon
 I - 9 scrolls of enchant weapon
 K - a scroll of enchant armour
Potions
 d - 6 potions of might
 e - 9 potions of mutation
 f - 3 potions of cancellation
 h - 8 potions of haste
 k - 6 potions of resistance
 n - a potion of heal wounds
 p - 18 potions of curing
 r - 6 potions of attraction
 t - 9 potions of lignification
 z - 4 potions of magic
 E - 11 potions of enlightenment

Dungeon Overview and Level Annotations

Branches:
Dungeon (15/15)            Temple (1/1) D:4            Lair (5/5) D:9
 Shoals (4/4) Lair:2       Spider (4/4) Lair:2        Slime (0/5) Lair:4
    Orc (2/2) D:12            Elf (0/3) Orc:2        Vaults (5/5) D:13
  Crypt (0/3) Vaults:2     Depths (4/4) D:15            Zot (0/5) Depths:4

Altars:
Ashenzari
Cheibriados
Dithmenos
Elyvilon
Fedhas
Gozag
Hepliaklqana
Kikubaaqudgha
Makhleb
Nemelex Xobeh
Okawaru
Qazlal
Ru
Sif Muna
Trog
Uskayaw
Vehumet
Wu Jian
Xom
Yredelemnul
Zin
The Shining One
Jiyva

Shops:
D:3 [((   Orc:1 !*(:=   Orc:2 (*=[   Vaults:3 !   Vaults:4 [   Depths:2 =?=

Portals:
Hell: Depths:1 Depths:2 Depths:3 Depths:4
Abyss: Depths:3
Pandemonium: Depths:2 Depths:4
Ziggurat: Depths:1
Trove: D:14 (give 6 scrolls of fog)

Annotations:
D:4 3 runed translucent doors, exclusion: dart slug, qw's ghost, amateur GrFi
D:6 1 runed translucent door, Crazy Yiuf
Orc:1 2 transporters
Vaults:3 1 runed translucent door
Vaults:4 exclusions: stone giant and vault sentinel


Message History

You kill the ettin!
Okawaru accepts your kill.
You slice the storm dragon!!
A frost giant comes into view.
It is wielding a +2 battleaxe of freezing.
You block the storm dragon's attack. x2; The storm dragon barely misses you.
You open the storm dragon like a pillowcase!!!!
You kill the storm dragon!
Okawaru accepts your kill.
The storm dragon scales are intact enough to wear.
Your hands slow down.
The yaktaur shoots a bolt.
You block the bolt.
44551 ||| INVOKING Finesse.
You can now deal lightning-fast blows.
An orc comes into view. It is wielding a +0 short sword.
The ironbound preserver is empowered by the deep elf high priest's aura!
The yaktaur shoots a bolt.
The bolt hits you but does no damage.
An ettin comes into view.
It is wielding a +0 dire flail and a +1 dire flail of holy wrath.
The ironbound preserver casts a spell.
The ironbound preserver begins to accept its allies' injuries.
A phantasmal warrior comes into view.
The tengu reaver is empowered by the deep elf high priest's aura!
The deep elf high priest shoots an arrow.
The arrow closely misses you.
The arrow misses the tengu reaver.
The yaktaur unwields a +0 arbalest.
You block the yaktaur's attack.
Things that are here:
a +0 arbalest; a +0 morningstar; a yaktaur corpse
Enter note:
Enter note:
Enter note:
Enter note:
Enter note: You cut the yaktaur into ribbons!!!!
You kill the yaktaur!
Okawaru accepts your kill.
You slice the vault warden!!
The ironbound preserver gestures wildly while chanting.
The ironbound preserver is healed somewhat.
The ancient lich casts a spell at you. The bolt of acid hits you!!!
You die...

..# #...#
#...(# ...#
#...# #....#
#...# #o..##
#..L.# #...#
#.Q.## #....#
#...# #p..##
#WD..#
#...###).[##
#..o.#
#.....)..[##
#ooT.#
##...###.)[##
#.cpC#
##/..###)@)#
#)Lpc#
##|..###p..#
#))).#
##$..###.e.#
#.)).# #$..#
#L..# #....#
#...# #...#
#)9..# #...#
#....#.cce#
#...


#CCc#.c.cC# #. #.W#....#.# ......#!# You could see an ironbound preserver
(empowered), an ancient lich (empowered, invisible), a frost giant (empowered),
a vault warden (empowered, sheltered), a tengu reaver (empowered, sheltered), an
ettin, a deep elf high priest (brilliance aura, sheltered), a phantasmal
warrior, a yaktaur and an orc (sheltered).

Vanquished Creatures
  An ancient lich (Vaults:5)
  A dread lich (Vaults:5)
  A juggernaut (Depths:4)
  3 royal mummies (Depths:2)
  A golden dragon (Depths:4)
  Nikola (Depths:1)
  2 Tzitzimimeh (Depths:2)
  3 doom hounds (Depths:2)
  3 tentacled monstrosities
  Jorgrun (D:15)
  3 liches
  Mlioglotl (Shoals:4)
  Grunn (Depths:2)
  Asterion (Depths:2)
  2 titans (Vaults:5)
  A kraken (Shoals:1)
  Polyphemus (Shoals:4)
  7 sphinxes
  3 storm dragons
  3 tengu reavers
  Roxanne (Shoals:1)
  2 shadow dragons
  6 frost giants
  9 fire giants
  19 vault wardens
  9 emperor scorpions
  2 iron dragons
  A reaper (Depths:2)
  11 ironbound preservers
  2 ghost moths
  3 broodmothers
  2 draconian shifters (Depths:4)
  2 orc warlords
  A draconian annihilator (Depths:4)
  A juggernaut zombie (Depths:3)
  A formless jellyfish (Vaults:4)
  2 war gargoyles (Vaults:5)
  14 very ugly things
  14 stone giants
  3 ironbound thunderhulks
  A putrid mouth (Depths:2)
  Nessos (D:14)
  A yellow draconian (Depths:4)
  3 spark wasps
  A purple draconian (Depths:4)
  11 dire elephants
  2 black draconians (Depths:4)
  7 merfolk javelineers
  10 ettins
  2 merfolk impalers
  An entropy weaver (Vaults:2)
  10 fire dragons
  12 yaktaur captains
  A mummy priest (Depths:2)
  7 great orbs of eyes
  Josephine (Orc:1)
  A blizzard demon (Depths:2)
  5 rakshasas
  4 deep elf high priests
  38 vault guards
  A peacekeeper (Vaults:4)
  22 centaur warriors
  5 ice dragons
  5 hydras
  3 jorogumos
  2 spriggan air magi
  A catoblepas (Shoals:4)
  Harold (D:9)
  6 radroaches
  2 merfolk avatars
  6 ogre magi
  8 ironbound frosthearts
  7 boulder beetles
  3 merfolk aquamancers (Shoals:4)
  Urug (Orc:1)
  An alligator snapping turtle (Shoals:4)
  11 deep troll earth magi
  10 deep troll shamans
  6 death yaks
  12 two-headed ogres
  3 satyrs
  6 tengu warriors
  2 vampire magi
  6 demonic crawlers
  9 hell knights
  4 orc high priests (Orc:2)
  4 spriggan berserkers
  A deep elf knight (D:15)
  12 iron trolls
  5 skeletal warriors
  3 fire crabs
  4 skysharks
  4 glowing orange brains
  5 pharaoh ants
  11 orb spiders
  32 deep trolls
  12 sea snakes
  A sun moth (Spider:4)
  4 flayed ghosts
  A tengu zombie (Depths:3)
  20 lindwurms
  5 necromancers
  12 wizards
  5 orc knights
  15 ironbound convokers
  A lindwurm (shapeshifter) (Vaults:1)
  26 harpies
  6 deep elf pyromancers
  A wolf spider (shapeshifter) (Vaults:5)
  A deep elf zephyrmancer (Vaults:4)
  Pikel (D:4)
  3 phantasmal warriors (Vaults:5)
  2 orc sorcerers (Orc:2)
  An oklob plant (Lair:1)
  8 fauns
  6 steelbarb worms
  34 ugly things
  33 wolf spiders
  10 cyclopes
  A faun (shapeshifter) (D:15)
  4 moths of wrath
  10 manticores
  11 merfolk sirens
  6 torpor snails
  2 orange demons (Depths:2)
  2 molten gargoyles (Vaults:4)
  19 elephants
  A black mamba (Lair:1)
  10 cane toads
  11 water nymphs
  A black mamba (shapeshifter) (D:15)
  An unseen horror zombie (D:10)
  21 vault sentinels
  An unseen horror (D:12)
  5 rime drakes
  4 komodo dragons
  3 efreet (D:15)
  An ice devil (Depths:2)
  Maggie (D:6)
  2 tormentors (Depths:2)
  55 yaktaurs
  2 freezing wraiths
  4 tengu conjurers (D:15)
  12 wind drakes
  2 polar bears
  9 hornets
  18 merfolk
  5 meliai
  4 guardian mummies (Depths:2)
  9 snapping turtles
  29 tarantellas
  6 trolls
  12 dream sheep
  29 blink frogs
  A slime creature (shapeshifter) (Vaults:5)
  2 centaur simulacra (D:15)
  3 shadows
  Sigmund (D:4)
  41 slime creatures
  A culicivora (shapeshifter) (Depths:3)
  19 jumping spiders
  16 spriggans
  26 culicivoras
  11 water elementals
  64 yaks
  2 fire elementals (Vaults:4)
  A hog (Vaults:4)
  8 wraiths
  A vampire (D:11)
  Eustachio (D:6)
  6 basilisks
  2 wyverns
  5 vampire mosquitoes
  2 steam dragons
  58 redbacks
  A warg (shapeshifter) (D:15)
  A swamp worm (shapeshifter) (Depths:4)
  6 wargs
  2 acid dragons
  14 water moccasins
  Duvessa (D:4)
  A floating eye (Depths:3)
  A glowing shapeshifter skeleton (Depths:3)
  26 orc warriors
  4 ice beasts
  2 sky beasts
  A hornet zombie (D:8)
  9 black bears
  7 ogres
  24 wolves
  16 boggarts
  16 centaurs
  A wolf (shapeshifter) (D:15)
  4 phantoms
  3 kobold brigands
  A necrophage (D:10)
  7 bullfrogs
  2 wyvern zombies (D:8)
  2 gnoll sergeants
  A scorpion (D:6)
  3 wights
  Dowan (D:4)
  16 killer bees
  A vampire bat (Vaults:4)
  13 howler monkeys
  2 electric eels (Lair:5)
  A lava snake (Vaults:4)
  5 jellies
  4 centaur zombies (D:10)
  2 human zombies
  2 human simulacra (Vaults:4)
  11 orc priests
  5 hounds
  An iguana (D:5)
  Jessica (D:2)
  Ijyb (D:4)
  17 orc wizards
  A howler monkey zombie (D:8)
  5 mummies
  7 gnolls
  9 adders
  2 shadow imps
  An ufetubus (D:6)
  4 worms
  12 dart slugs
  51 orcs
  4 ball pythons
  4 bats
  5 endoplasms (D:1)
  7 giant cockroaches
  14 goblins
  8 hobgoblins
  9 jackals
  25 kobolds
  2 quokkas
  3 frilled lizards
  7 rats
  4 spectral weapons (Depths:2)
  2 tentacles (Shoals:1)
1705 creatures vanquished.

Vanquished Creatures (others)
  A fire giant (Depths:3)
  A slime creature (D:15)
  An orc (Vaults:5)
  2 tentacles (Shoals:1)
5 creatures vanquished.

Grand Total: 1710 creatures vanquished

Notes
Turn   | Place    | Note
-------+----------+-------------------------------------------
     0 | D:1      | qw the Gargoyle Fighter began the quest for the Orb.
     0 | D:1      | Reached XP level 1. HP: 14/14 MP: 1/1
     0 | D:1      | 0 ||| qw: Version: 0.3-a-46-gb1f654a
     0 | D:1      | 0 ||| qw: Game counter: 961
     0 | D:1      | 0 ||| qw: Melee chars always use a shield: true
     0 | D:1      | 0 ||| qw: God list: Okawaru
     0 | D:1      | 0 ||| qw: Allow faded altars: false
     0 | D:1      | 0 ||| qw: Do Orc after clearing Dungeon:15 true
     0 | D:1      | 0 ||| qw: Do second Lair branch before Depths: true
     0 | D:1      | 0 ||| qw: Lair rune preference: random
     0 | D:1      | 0 ||| qw: Goals: Normal, Zot:1-4, Slime:5, God:TSO, Crypt,
                  | Tomb, Abyss, Pan, Hells, Win
     0 | D:1      | 0 ||| PLANNING D:1-11
    17 | D:1      | Reached XP level 2. HP: 19/19 MP: 2/2
   151 | D:1      | 151 ||| Stepping ~*~*~tactically~*~*~ (hiding).
   152 | D:1      | 152 ||| Stepping ~*~*~tactically~*~*~ (hiding).
   153 | D:1      | 153 ||| Stepping ~*~*~tactically~*~*~ (hiding).
   160 | D:1      | Reached skill level 3 in Axes
   210 | D:1      | Reached XP level 3. HP: 21/23 MP: 3/3
   380 | D:1      | 380 ||| Stepping ~*~*~tactically~*~*~ (stealth).
   720 | D:1      | 720 ||| Stepping ~*~*~tactically~*~*~ (stealth).
   866 | D:1      | Reached XP level 4. HP: 28/28 MP: 4/4
   949 | D:1      | 949 ||| UPGRADING to +0 chain mail.
   959 | D:1      | 959 ||| DROPPING +0 scale mail.
   960 | D:1      | 960 ||| UPGRADING to amulet of reflection.
   965 | D:1      | 965 ||| READING scroll labelled FUH UXKAOF.
   966 | D:1      | 966 ||| READING scroll labelled XUYPOPHO ELEU.
   967 | D:1      | 967 ||| READING scroll labelled URUSCH ZIRGHYVIPH.
   968 | D:1      | 968 ||| DRINKING 2 white potions.
   969 | D:1      | 969 ||| DRINKING 2 lumpy puce potions.
   970 | D:1      | 970 ||| DROPPING potion of degeneration.
  1142 | D:2      | 1142 ||| Stepping ~*~*~tactically~*~*~ (hiding).
  1143 | D:2      | 1143 ||| Stepping ~*~*~tactically~*~*~ (hiding).
  1406 | D:2      | Noticed Jessica
  1411 | D:2      | Killed Jessica
  1725 | D:2      | 1725 ||| UPGRADING to +0 pair of gloves.
  1730 | D:2      | 1730 ||| READING scroll labelled NOWYAG NUXEJ.
  1731 | D:2      | 1731 ||| READING scroll labelled VOXIEV JULEL.
  1732 | D:2      | 1732 ||| READING scroll labelled HATWONOESA.
  1733 | D:2      | 1733 ||| READING scroll labelled BUNTIKKOISCH.
  1734 | D:2      | 1734 ||| READING scroll labelled ROABBA ABUELE.
  1758 | D:3      | Found Yteucut's Weapon Shop.
  1764 | D:3      | 1764 ||| SHOPLISTING +1 flail of protection (156 gold, have
                  | 142).
  1840 | D:3      | Identified the +10 tower shield "Ejuick" {Str+7}
  1875 | D:3      | Reached XP level 5. HP: 32/32 MP: 5/5
  1946 | D:3      | Found Bewuth's Armour Shop.
  2280 | D:3      | 2280 ||| Stepping ~*~*~tactically~*~*~ (stealth).
  2282 | D:3      | 2282 ||| Stepping ~*~*~tactically~*~*~ (hiding).
  2444 | D:3      | 2444 ||| Stepping ~*~*~tactically~*~*~ (stealth).
  2658 | D:3      | Found Kipnesot's Antique Weapon Shoppe.
  2661 | D:3      | 2661 ||| BUYING broad axe (116 gold).
  2661 | D:3      | Bought a broad axe for 116 gold pieces
  2661 | D:3      | 2661 ||| SWAPPING to +0 broad axe.
  2662 | D:3      | 2662 ||| DROPPING +0 war axe.
  2699 | D:3      | 2699 ||| UPGRADING to +10 tower shield "Ejuick" {Str+7}.
  2709 | D:3      | 2709 ||| DROPPING +0 buckler.
  2710 | D:3      | 2710 ||| UPGRADING to ring of see invisible.
  2711 | D:3      | 2711 ||| READING 3 scrolls labelled ASIEZXO APLO.
  2712 | D:3      | 2712 ||| READING 2 scrolls of identify.
  2712 | D:3      | 2712 ||| IDENTIFYING ruby potion
  2713 | D:3      | 2713 ||| DRINKING potion of experience.
  2713 | D:3      | Reached XP level 6. HP: 37/37 MP: 6/6
  2746 | D:4      | Found a staircase to the Ecumenical Temple.
  2747 | D:4      | 2747 ||| PLANNING TEMPLE
  2767 | Temple   | Entered the Ecumenical Temple
  2768 | Temple   | 2768 ||| DROPPING +0 flail.
  2828 | Temple   | 2828 ||| PLANNING OKAWARU WORSHIP
  2836 | Temple   | 2836 ||| UPGRADING to +5 ring of evasion.
  2840 | Temple   | Became a worshipper of Warmaster Okawaru
  2841 | Temple   | 2841 ||| PLANNING D:1-11
  2855 | D:4      | Noticed a black bear
  2865 | D:4      | Killed a black bear
  2866 | D:4      | Reached skill level 4 in Fighting
  2866 | D:4      | Reached XP level 7. HP: 34/43 MP: 7/7
  2947 | D:4      | 2947 ||| Stepping ~*~*~tactically~*~*~ (hiding).
  2951 | D:4      | Noticed Ijyb
  2958 | D:4      | 2958 ||| DRINKING 2 potions of curing.
  2958 | D:4      | 2958 ||| (to cure confusion)
  2960 | D:4      | 2960 ||| DRINKING potion of curing.
  2960 | D:4      | 2960 ||| (to cure confusion)
  2964 | D:4      | Killed Ijyb
  2988 | D:4      | 2988 ||| Stepping ~*~*~tactically~*~*~ (stealth).
  2990 | D:4      | 2990 ||| Stepping ~*~*~tactically~*~*~ (hiding).
  3115 | D:4      | 3115 ||| READING 2 scrolls of identify.
  3115 | D:4      | 3115 ||| IDENTIFYING fuming ruby potion
  3120 | D:4      | 3120 ||| Stepping ~*~*~tactically~*~*~ (hiding).
  3159 | D:4      | 3159 ||| Stepping ~*~*~tactically~*~*~ (hiding).
  3185 | D:4      | Found a runed translucent gate.
  3185 | D:4      | Found a runed translucent gate.
  3185 | D:4      | Found a runed translucent gate.
  3185 | D:4      | Noticed qw's ghost (amateur GrFi)
  3208 | D:4      | Noticed Pikel
  3209 | D:4      | 3209 ||| Stepping ~*~*~tactically~*~*~ (stealth).
  3228 | D:4      | Killed Pikel
  3228 | D:4      | Reached * piety under Okawaru
  3229 | D:4      | Reached skill level 6 in Axes
  3229 | D:4      | Reached XP level 8. HP: 48/48 MP: 8/8
  3230 | D:4      | 3230 ||| Stepping ~*~*~tactically~*~*~ (water).
  3234 | D:4      | Identified the +0 pair of boots "Hocsim" {rCorr}
  3367 | D:4      | 3367 ||| INVOKING Heroism.
  3368 | D:4      | 3368 ||| Stepping ~*~*~tactically~*~*~ (cloud).
  3376 | D:4      | Reached skill level 1 in Invocations
  3416 | D:4      | Noticed Sigmund
  3417 | D:4      | 3417 ||| INVOKING Heroism.
  3421 | D:4      | Killed Sigmund
  3422 | D:4      | Reached skill level 1 in Dodging
  3458 | D:4      | Noticed Duvessa
  3459 | D:4      | 3459 ||| Stepping ~*~*~tactically~*~*~ (hiding).
  3465 | D:4      | 3465 ||| INVOKING Heroism.
  3468 | D:4      | Killed Duvessa
  3472 | D:4      | Noticed Dowan
  3483 | D:4      | Killed Dowan
  3587 | D:4      | Reached ** piety under Okawaru
  3636 | D:4      | 3636 ||| UPGRADING to +0 pair of boots "Hocsim" {rCorr}.
  3641 | D:4      | 3641 ||| DRINKING 2 purple potions.
  3648 | D:5      | Entered Level 5 of the Dungeon
  3653 | D:5      | 3653 ||| Stepping ~*~*~tactically~*~*~ (stealth).
  3657 | D:5      | 3657 ||| Stepping ~*~*~tactically~*~*~ (stealth).
  3717 | D:5      | 3717 ||| Stepping ~*~*~tactically~*~*~ (stealth).
  3719 | D:5      | 3719 ||| INVOKING Heroism.
  3728 | D:5      | Reached XP level 9. HP: 46/52 MP: 8/11
  3766 | D:5      | Reached skill level 3 in Invocations
  3902 | D:5      | Found a blossoming altar of Fedhas.
  3920 | D:5      | Found a bloodstained altar of Trog.
  3980 | D:5      | 3980 ||| INVOKING Heroism.
  4035 | D:5      | 4035 ||| INVOKING Heroism.
  4193 | D:5      | 4193 ||| READING scroll labelled USTOUCR SI QUT.
  4214 | D:6      | Noticed Eustachio
  4215 | D:6      | 4215 ||| INVOKING Heroism.
  4225 | D:6      | Killed Eustachio
  4226 | D:6      | Reached skill level 5 in Fighting
  4261 | D:6      | 4261 ||| INVOKING Heroism.
  4327 | D:6      | Noticed Maggie
  4340 | D:6      | Killed Maggie
  4389 | D:6      | 4389 ||| SWAPPING to +0 war axe of flaming.
  4390 | D:6      | 4390 ||| DROPPING +0 morningstar.
  4401 | D:6      | Found a glowing golden altar of the Shining One.
  4494 | D:6      | Found a hide-covered altar of Uskayaw.
  4863 | D:6      | Found a runed translucent door.
  4864 | D:6      | Noticed Crazy Yiuf
  5009 | D:6      | 5009 ||| UPGRADING to +0 plate armour.
  5019 | D:6      | 5019 ||| DROPPING +0 chain mail.
  5020 | D:6      | 5020 ||| UPGRADING to amulet of faith.
  5030 | D:6      | 5030 ||| DRINKING 2 fizzy purple potions.
  5075 | D:6      | 5075 ||| READING 3 scrolls of identify.
  5075 | D:6      | 5075 ||| IDENTIFYING pink potion
  5076 | D:6      | 5076 ||| DROPPING potion of berserk rage.
  5166 | D:7      | Noticed a hornet
  5180 | D:7      | Killed a hornet
  5180 | D:7      | Reached *** piety under Okawaru
  5279 | D:7      | Found a shimmering blue altar of Sif Muna.
  5292 | D:7      | 5292 ||| Stepping ~*~*~tactically~*~*~ (stealth).
  5301 | D:7      | Reached XP level 10. HP: 55/59 MP: 13/13
  5359 | D:7      | 5359 ||| Stepping ~*~*~tactically~*~*~ (stealth).
  5362 | D:7      | 5362 ||| Stepping ~*~*~tactically~*~*~ (hiding).
  5415 | D:7      | Identified the +8 hand axe of Insufficient Pleasure
                  | {freeze, rPois rN+++ Will- Str-5}
  5431 | D:7      | Found a shadowy altar of Dithmenos.
  5495 | D:7      | 5495 ||| Stepping ~*~*~tactically~*~*~ (hiding).
  5496 | D:7      | 5496 ||| Stepping ~*~*~tactically~*~*~ (hiding).
  5498 | D:7      | 5498 ||| Stepping ~*~*~tactically~*~*~ (hiding).
  5499 | D:7      | 5499 ||| Stepping ~*~*~tactically~*~*~ (hiding).
  5858 | D:7      | 5858 ||| UPGRADING to +0 cloak.
  5863 | D:7      | 5863 ||| READING scroll labelled LOACEVUONE.
  5864 | D:7      | 5864 ||| READING 2 scrolls of identify.
  5864 | D:7      | 5864 ||| IDENTIFYING clear potion
  5865 | D:7      | 5865 ||| DROPPING potion of brilliance.
  5905 | D:8      | 5905 ||| Stepping ~*~*~tactically~*~*~ (cloud).
  5907 | D:8      | 5907 ||| INVOKING Heroism.
  5912 | D:8      | 5912 ||| Stepping ~*~*~tactically~*~*~ (cloud).
  5913 | D:8      | 5913 ||| Stepping ~*~*~tactically~*~*~ (cloud).
  5922 | D:8      | 5922 ||| Stepping ~*~*~tactically~*~*~ (stealth).
  5985 | D:8      | 5985 ||| Stepping ~*~*~tactically~*~*~ (stealth).
  5988 | D:8      | 5988 ||| Stepping ~*~*~tactically~*~*~ (stealth).
  5993 | D:8      | Reached skill level 6 in Fighting
  5997 | D:8      | 5997 ||| INVOKING Heroism.
  6003 | D:8      | Reached **** piety under Okawaru
  6025 | D:8      | 6025 ||| INVOKING Heroism.
  6032 | D:8      | 6032 ||| Stepping ~*~*~tactically~*~*~ (stealth).
  6150 | D:8      | 6150 ||| Stepping ~*~*~tactically~*~*~ (hiding).
  6151 | D:8      | 6151 ||| Stepping ~*~*~tactically~*~*~ (hiding).
  6299 | D:8      | 6299 ||| Stepping ~*~*~tactically~*~*~ (hiding).
  6301 | D:8      | 6301 ||| Stepping ~*~*~tactically~*~*~ (hiding).
  6303 | D:8      | 6303 ||| Stepping ~*~*~tactically~*~*~ (hiding).
  6305 | D:8      | 6305 ||| Stepping ~*~*~tactically~*~*~ (hiding).
  6306 | D:8      | 6306 ||| Stepping ~*~*~tactically~*~*~ (hiding).
  6699 | D:8      | 6699 ||| UPGRADING to +1 cloak.
  6709 | D:8      | 6709 ||| DROPPING +0 cloak.
  7024 | D:9      | Noticed a two-headed ogre
  7025 | D:9      | 7025 ||| INVOKING Heroism.
  7037 | D:9      | Killed a two-headed ogre
  7037 | D:9      | Reached ***** piety under Okawaru
  7038 | D:9      | Reached skill level 9 in Axes
  7061 | D:9      | Found a white marble altar of Elyvilon.
  7087 | D:9      | Reached XP level 11. HP: 64/64 MP: 15/15
  7121 | D:9      | Noticed Harold
  7122 | D:9      | 7122 ||| Stepping ~*~*~tactically~*~*~ (stealth).
  7123 | D:9      | 7123 ||| Stepping ~*~*~tactically~*~*~ (hiding).
  7136 | D:9      | Reached skill level 6 in Invocations
  7167 | D:9      | 7167 ||| INVOKING Heroism.
  7176 | D:9      | Killed Harold
  7176 | D:9      | Received a gift from Okawaru
  7177 | D:9      | Reached skill level 6 in Armour
  7468 | D:9      | 7468 ||| INVOKING Heroism.
  7472 | D:9      | Reached skill level 7 in Fighting
  7666 | D:9      | Found a staircase to the Lair.
  7667 | D:9      | 7667 ||| INVOKING Heroism.
  7784 | D:9      | 7784 ||| PLANNING LAIR
  7825 | Lair:1   | Entered Level 1 of the Lair of Beasts
  7870 | Lair:1   | Noticed an oklob plant
  7871 | Lair:1   | 7871 ||| INVOKING Heroism.
  7872 | Lair:1   | 7872 ||| INVOKING Finesse.
  7892 | Lair:1   | Killed an oklob plant
  7893 | Lair:1   | Reached skill level 1 in Throwing
  8038 | Lair:1   | 8038 ||| Stepping ~*~*~tactically~*~*~ (hiding).
  8191 | Lair:1   | 8191 ||| INVOKING Heroism.
  8279 | Lair:1   | 8279 ||| INVOKING Heroism.
  8281 | Lair:1   | 8281 ||| Stepping ~*~*~tactically~*~*~ (stealth).
  8294 | Lair:1   | Received a gift from Okawaru
  8308 | Lair:1   | 8308 ||| INVOKING Heroism.
  8866 | Lair:2   | 8866 ||| Stepping ~*~*~tactically~*~*~ (stealth).
  8874 | Lair:2   | 8874 ||| INVOKING Heroism.
  8893 | Lair:2   | Received a gift from Okawaru
  8894 | Lair:2   | Reached skill level 9 in Invocations
  8936 | Lair:2   | 8936 ||| Stepping ~*~*~tactically~*~*~ (stealth).
  8938 | Lair:2   | 8938 ||| INVOKING Heroism.
  9019 | Lair:2   | 9019 ||| INVOKING Heroism.
  9028 | Lair:2   | Reached XP level 12. HP: 60/72 MP: 16/19
  9077 | Lair:2   | 9077 ||| INVOKING Heroism.
  9108 | Lair:2   | 9108 ||| Stepping ~*~*~tactically~*~*~ (water).
  9109 | Lair:2   | 9109 ||| Stepping ~*~*~tactically~*~*~ (water).
  9110 | Lair:2   | 9110 ||| Stepping ~*~*~tactically~*~*~ (water).
  9111 | Lair:2   | 9111 ||| Stepping ~*~*~tactically~*~*~ (water).
  9112 | Lair:2   | 9112 ||| Stepping ~*~*~tactically~*~*~ (water).
  9113 | Lair:2   | 9113 ||| INVOKING Heroism.
  9115 | Lair:2   | 9115 ||| Stepping ~*~*~tactically~*~*~ (water).
  9137 | Lair:2   | Received a gift from Okawaru
  9155 | Lair:2   | 9155 ||| INVOKING Heroism.
  9201 | Lair:2   | Found a hole to the Spider Nest.
  9225 | Lair:2   | 9225 ||| DRINKING 2 bubbling green potions.
  9367 | Lair:2   | 9367 ||| READING 2 scrolls of identify.
  9367 | Lair:2   | 9367 ||| IDENTIFYING viscous yellow potion
  9508 | Lair:2   | Found a staircase to the Shoals.
  9557 | Lair:2   | Identified the +5 flail "Herchuof" {freeze, rN++ Int+2
                  | Dex+4}
  9812 | Lair:2   | 9812 ||| Stepping ~*~*~tactically~*~*~ (stealth).
  9825 | Lair:2   | Reached skill level 8 in Fighting
 10006 | Lair:2   | 10006 ||| UPGRADING to +0 helmet.
 10147 | Lair:3   | Noticed a death yak
 10147 | Lair:3   | Noticed a death yak
 10148 | Lair:3   | 10148 ||| Stepping ~*~*~tactically~*~*~ (stealth).
 10150 | Lair:3   | 10150 ||| INVOKING Heroism.
 10150 | Lair:3   | Noticed a death yak
 10151 | Lair:3   | 10151 ||| INVOKING Finesse.
 10159 | Lair:3   | Noticed a death yak
 10167 | Lair:3   | Killed a death yak
 10173 | Lair:3   | Killed a death yak
 10181 | Lair:3   | Killed a death yak
 10181 | Lair:3   | Received a gift from Okawaru
 10188 | Lair:3   | Killed a death yak
 10240 | Lair:3   | Identified the +8 plate armour of Joy {Harm +Blink}
 10345 | Lair:3   | 10345 ||| Stepping ~*~*~tactically~*~*~ (stealth).
 10347 | Lair:3   | 10347 ||| INVOKING Heroism.
 10358 | Lair:3   | Reached XP level 13. HP: 79/79 MP: 18/20
 10442 | Lair:3   | 10442 ||| Stepping ~*~*~tactically~*~*~ (stealth).
 10443 | Lair:3   | 10443 ||| INVOKING Heroism.
 10450 | Lair:3   | 10450 ||| Stepping ~*~*~tactically~*~*~ (stealth).
 10451 | Lair:3   | 10451 ||| Stepping ~*~*~tactically~*~*~ (stealth).
 10467 | Lair:3   | Reached skill level 9 in Fighting
 10470 | Lair:3   | Reached ****** piety under Okawaru
 10521 | Lair:3   | 10521 ||| Stepping ~*~*~tactically~*~*~ (stealth).
 10524 | Lair:3   | Identified the +6 broad axe of Baacluf {heavy, Str+4}
                  | (Okawaru gifted it to you on level 3 of the Lair of Beasts)
 10524 | Lair:3   | Received a gift from Okawaru
 10555 | Lair:3   | 10555 ||| SWAPPING to +6 broad axe of Baacluf {heavy,
                  | Str+4}.
 10683 | Lair:3   | 10683 ||| Stepping ~*~*~tactically~*~*~ (stealth).
 10684 | Lair:3   | 10684 ||| Stepping ~*~*~tactically~*~*~ (stealth).
 10715 | Lair:3   | 10715 ||| Stepping ~*~*~tactically~*~*~ (stealth).
 10725 | Lair:3   | 10725 ||| INVOKING Heroism.
 10964 | Lair:3   | 10964 ||| READING scroll labelled DIGIETW DIBYT.
 11040 | Lair:4   | 11040 ||| INVOKING Heroism.
 11042 | Lair:4   | Reached skill level 9 in Armour
 11159 | Lair:4   | 11159 ||| Stepping ~*~*~tactically~*~*~ (stealth).
 11170 | Lair:4   | Identified the +1 pair of boots of Awe {Drain rElec Dex+4
                  | SInv} (Okawaru gifted it to you on level 4 of the Lair of
                  | Beasts)
 11170 | Lair:4   | Received a gift from Okawaru
 11179 | Lair:4   | Reached skill level 12 in Axes
 11223 | Lair:4   | 11223 ||| Stepping ~*~*~tactically~*~*~ (stealth).
 11224 | Lair:4   | 11224 ||| Stepping ~*~*~tactically~*~*~ (stealth).
 11455 | Lair:4   | You fall into a shaft and drop 1 floor!
 11455 | Lair:5   | Entered Level 5 of the Lair of Beasts
 11492 | Lair:5   | 11492 ||| Stepping ~*~*~tactically~*~*~ (stealth).
 11525 | Lair:5   | 11525 ||| Stepping ~*~*~tactically~*~*~ (stealth).
 11526 | Lair:5   | 11526 ||| Stepping ~*~*~tactically~*~*~ (stealth).
 11527 | Lair:5   | 11527 ||| Stepping ~*~*~tactically~*~*~ (stealth).
 11532 | Lair:5   | 11532 ||| INVOKING Heroism.
 11533 | Lair:5   | 11533 ||| INVOKING Finesse.
 11538 | Lair:5   | 11538 ||| SWAPPING to +0 war axe of flaming.
 11555 | Lair:5   | 11555 ||| SWAPPING to +6 broad axe of Baacluf {heavy,
                  | Str+4}.
 11599 | Lair:5   | 11599 ||| INVOKING Heroism.
 11600 | Lair:5   | 11600 ||| INVOKING Finesse.
 11609 | Lair:5   | Reached skill level 10 in Fighting
 11662 | Lair:5   | 11662 ||| INVOKING Heroism.
 11724 | Lair:5   | 11724 ||| Stepping ~*~*~tactically~*~*~ (stealth).
 11737 | Lair:5   | 11737 ||| INVOKING Heroism.
 11738 | Lair:5   | 11738 ||| INVOKING Finesse.
 11805 | Lair:5   | 11805 ||| INVOKING Heroism.
 11825 | Lair:5   | Gained mutation: Your large and strong wings let you fly.
                  | [Gargoyle growth]
 11825 | Lair:5   | Reached XP level 14. HP: 75/88 MP: 21/21
 11847 | Lair:5   | 11847 ||| Stepping ~*~*~tactically~*~*~ (stealth).
 11883 | Lair:5   | Received a gift from Okawaru
 11887 | Lair:5   | 11887 ||| INVOKING Heroism.
 11917 | Lair:5   | 11917 ||| Stepping ~*~*~tactically~*~*~ (stealth).
 11950 | Lair:5   | 11950 ||| INVOKING Heroism.
 11951 | Lair:5   | 11951 ||| INVOKING Finesse.
 12019 | Lair:5   | 12019 ||| Stepping ~*~*~tactically~*~*~ (stealth).
 12097 | Lair:5   | 12097 ||| Stepping ~*~*~tactically~*~*~ (stealth).
 12115 | Lair:5   | Reached skill level 3 in Throwing
 12129 | Lair:5   | 12129 ||| UPGRADING to +1 pair of boots of Awe {Drain rElec
                  | Dex+4 SInv}.
 12139 | Lair:5   | 12139 ||| REMOVING ring of see invisible.
 12140 | Lair:5   | 12140 ||| UPGRADING to ring of willpower.
 12141 | Lair:5   | 12141 ||| UPGRADING to ring of protection from fire.
 12143 | Lair:5   | 12143 ||| READING 3 scrolls of identify.
 12143 | Lair:5   | 12143 ||| IDENTIFYING glowing inky potion
 12186 | Lair:4   | Found a viscous altar of Jiyva.
 12186 | Lair:4   | Found a staircase to the Slime Pits.
 12237 | Lair:4   | 12237 ||| Stepping ~*~*~tactically~*~*~ (stealth).
 12249 | Lair:4   | Reached skill level 3 in Dodging
 12251 | Lair:4   | Received a gift from Okawaru
 12252 | Lair:4   | Reached skill level 15 in Shields
 12270 | Lair:4   | 12270 ||| DROPPING +0 broad axe.
 12934 | Lair:5   | 12934 ||| Stepping ~*~*~tactically~*~*~ (hiding).
 13068 | Lair:5   | 13068 ||| Stepping ~*~*~tactically~*~*~ (stealth).
 13072 | Lair:5   | 13072 ||| Stepping ~*~*~tactically~*~*~ (stealth).
 13101 | Lair:5   | 13101 ||| Stepping ~*~*~tactically~*~*~ (stealth).
 13103 | Lair:5   | 13103 ||| Stepping ~*~*~tactically~*~*~ (stealth).
 13104 | Lair:5   | 13104 ||| Stepping ~*~*~tactically~*~*~ (stealth).
 13118 | Lair:5   | Received a gift from Okawaru
 13362 | Lair:5   | 13362 ||| PLANNING D:1-11
 13470 | D:10     | Entered Level 10 of the Dungeon
 14075 | D:10     | Found a basalt altar of Yredelemnul.
 14156 | D:10     | 14156 ||| READING 4 scrolls of identify.
 14156 | D:10     | 14156 ||| IDENTIFYING dark potion
 14227 | D:11     | 14227 ||| Stepping ~*~*~tactically~*~*~ (stealth).
 14228 | D:11     | 14228 ||| Stepping ~*~*~tactically~*~*~ (stealth).
 14362 | D:11     | Identified the amulet "Vuiwk" {Spirit +Blink rElec MP-9}
 14402 | D:11     | 14402 ||| Stepping ~*~*~tactically~*~*~ (hiding).
 14527 | D:11     | 14527 ||| Stepping ~*~*~tactically~*~*~ (hiding).
 14530 | D:11     | 14530 ||| Stepping ~*~*~tactically~*~*~ (hiding).
 14562 | D:11     | 14562 ||| Stepping ~*~*~tactically~*~*~ (stealth).
 14681 | D:11     | 14681 ||| Stepping ~*~*~tactically~*~*~ (stealth).
 14750 | D:11     | 14750 ||| INVOKING Heroism.
 14751 | D:11     | 14751 ||| INVOKING Finesse.
 15083 | D:11     | 15083 ||| PLANNING D
 15083 | D:11     | 15083 ||| DROPPING amulet "Vuiwk" {Spirit +Blink rElec
                  | MP-9}.
 15084 | D:11     | 15084 ||| DROPPING ring of see invisible.
 15085 | D:11     | 15085 ||| UPGRADING to +6 ring of strength.
 15087 | D:11     | 15087 ||| DROPPING ring of willpower.
 15088 | D:11     | 15088 ||| READING scroll labelled UMAAGO VYNU.
 15115 | D:12     | 15115 ||| Stepping ~*~*~tactically~*~*~ (stealth).
 15195 | D:12     | 15195 ||| Stepping ~*~*~tactically~*~*~ (hiding).
 15197 | D:12     | 15197 ||| Stepping ~*~*~tactically~*~*~ (hiding).
 15198 | D:12     | 15198 ||| Stepping ~*~*~tactically~*~*~ (hiding).
 15258 | D:12     | Reached skill level 11 in Fighting
 15310 | D:12     | Found a staircase to the Orcish Mines.
 15408 | D:12     | 15408 ||| INVOKING Heroism.
 15415 | D:12     | Identified the +8 war axe "Totom" {freeze, rPois Stlth+}
                  | (Okawaru gifted it to you on level 12 of the Dungeon)
 15415 | D:12     | Received a gift from Okawaru
 15419 | D:12     | Reached XP level 15. HP: 93/94 MP: 22/22
 15472 | D:12     | 15472 ||| Stepping ~*~*~tactically~*~*~ (stealth).
 15474 | D:12     | 15474 ||| Stepping ~*~*~tactically~*~*~ (hiding).
 15760 | D:12     | 15760 ||| READING scroll labelled VUYMI JERYUTAU.
 16007 | D:13     | Found a stormy altar of Qazlal.
 16027 | D:13     | 16027 ||| Stepping ~*~*~tactically~*~*~ (stealth).
 16037 | D:13     | 16037 ||| Stepping ~*~*~tactically~*~*~ (hiding).
 16038 | D:13     | 16038 ||| Stepping ~*~*~tactically~*~*~ (hiding).
 16039 | D:13     | 16039 ||| Stepping ~*~*~tactically~*~*~ (hiding).
 16040 | D:13     | 16040 ||| Stepping ~*~*~tactically~*~*~ (hiding).
 16041 | D:13     | 16041 ||| Stepping ~*~*~tactically~*~*~ (hiding).
 16169 | D:13     | 16169 ||| Stepping ~*~*~tactically~*~*~ (hiding).
 16170 | D:13     | 16170 ||| Stepping ~*~*~tactically~*~*~ (hiding).
 16171 | D:13     | 16171 ||| Stepping ~*~*~tactically~*~*~ (hiding).
 16172 | D:13     | 16172 ||| Stepping ~*~*~tactically~*~*~ (hiding).
 16247 | D:13     | 16247 ||| Stepping ~*~*~tactically~*~*~ (stealth).
 16413 | D:13     | 16413 ||| Stepping ~*~*~tactically~*~*~ (stealth).
 16415 | D:13     | 16415 ||| Stepping ~*~*~tactically~*~*~ (hiding).
 16468 | D:13     | 16468 ||| Stepping ~*~*~tactically~*~*~ (stealth).
 16590 | D:13     | Found a gate to the Vaults.
 16620 | D:13     | Identified the +2 pair of gloves of True Grit {Str+4}
                  | (Okawaru gifted it to you on level 13 of the Dungeon)
 16620 | D:13     | Received a gift from Okawaru
 16718 | D:13     | 16718 ||| Stepping ~*~*~tactically~*~*~ (stealth).
 16719 | D:13     | 16719 ||| Stepping ~*~*~tactically~*~*~ (stealth).
 16720 | D:13     | 16720 ||| Stepping ~*~*~tactically~*~*~ (stealth).
 16721 | D:13     | 16721 ||| Stepping ~*~*~tactically~*~*~ (stealth).
 16770 | D:13     | 16770 ||| UPGRADING to +2 pair of gloves of True Grit
                  | {Str+4}.
 16780 | D:13     | 16780 ||| DROPPING +0 pair of gloves.
 16781 | D:13     | 16781 ||| READING scroll labelled RECOCL VUTTAUCK.
 16782 | D:13     | 16782 ||| READING 5 scrolls of identify.
 16782 | D:13     | 16782 ||| IDENTIFYING metallic green potion
 16783 | D:13     | 16783 ||| DROPPING potion of ambrosia.
 17028 | D:14     | 17028 ||| Stepping ~*~*~tactically~*~*~ (hiding).
 17029 | D:14     | 17029 ||| INVOKING Heroism.
 17036 | D:14     | 17036 ||| INVOKING Finesse.
 17040 | D:14     | 17040 ||| Stepping ~*~*~tactically~*~*~ (stealth).
 17124 | D:14     | Noticed Nessos
 17125 | D:14     | 17125 ||| INVOKING Finesse.
 17129 | D:14     | Killed Nessos
 17193 | D:14     | Found a portal to a secret trove of treasure.
 17376 | D:14     | 17376 ||| Stepping ~*~*~tactically~*~*~ (hiding).
 17435 | D:14     | Found an ornate altar of the Wu Jian Council.
 17508 | D:14     | 17508 ||| DROPPING ring of fire.
 17509 | D:14     | 17509 ||| READING scroll labelled SANOIR PIVUY.
 17525 | D:15     | Entered Level 15 of the Dungeon
 17533 | D:15     | 17533 ||| Stepping ~*~*~tactically~*~*~ (hiding).
 17534 | D:15     | 17534 ||| Stepping ~*~*~tactically~*~*~ (hiding).
 17536 | D:15     | 17536 ||| Stepping ~*~*~tactically~*~*~ (hiding).
 17655 | D:15     | 17655 ||| Stepping ~*~*~tactically~*~*~ (hiding).
 17657 | D:15     | 17657 ||| Stepping ~*~*~tactically~*~*~ (hiding).
 17807 | D:15     | 17807 ||| Stepping ~*~*~tactically~*~*~ (stealth).
 17812 | D:15     | Reached skill level 15 in Axes
 17891 | D:15     | 17891 ||| Stepping ~*~*~tactically~*~*~ (stealth).
 17896 | D:15     | 17896 ||| INVOKING Heroism.
 17919 | D:15     | Noticed Jorgrun
 17923 | D:15     | 17923 ||| INVOKING Finesse.
 17924 | D:15     | Received a gift from Okawaru
 17936 | D:15     | Killed Jorgrun
 17936 | D:15     | Identified the +3 crystal plate armour "Waarphyllu" {Dex+4}
                  | (Okawaru gifted it to you on level 15 of the Dungeon)
 17936 | D:15     | Received a gift from Okawaru
 17949 | D:15     | 17949 ||| INVOKING Heroism.
 17996 | D:15     | Found an iron altar of Okawaru.
 17997 | D:15     | Found a sacrificial altar of Ru.
 17999 | D:15     | Found a burning altar of Makhleb.
 18007 | D:15     | 18007 ||| Stepping ~*~*~tactically~*~*~ (hiding).
 18010 | D:15     | 18010 ||| INVOKING Heroism.
 18011 | D:15     | 18011 ||| INVOKING Finesse.
 18012 | D:15     | 18012 ||| SWAPPING to +0 war axe of flaming.
 18019 | D:15     | 18019 ||| SWAPPING to +6 broad axe of Baacluf {heavy,
                  | Str+4}.
 18028 | D:15     | 18028 ||| Stepping ~*~*~tactically~*~*~ (hiding).
 18038 | D:15     | 18038 ||| Stepping ~*~*~tactically~*~*~ (hiding).
 18058 | D:15     | 18058 ||| Stepping ~*~*~tactically~*~*~ (hiding).
 18077 | D:15     | Reached skill level 6 in Throwing
 18081 | D:15     | Reached XP level 16. HP: 92/101 MP: 23/23
 18089 | D:15     | Reached skill level 12 in Fighting
 18208 | D:15     | 18208 ||| DRINKING 8 potions of curing.
 18208 | D:15     | 18208 ||| (to cure confusion)
 18209 | D:15     | 18209 ||| DRINKING 7 potions of curing.
 18209 | D:15     | 18209 ||| (to cure confusion)
 18210 | D:15     | 18210 ||| INVOKING Heroism.
 18211 | D:15     | Identified the +2 short sword of Ijuferhi {antimagic, SInv}
                  | (Okawaru gifted it to you on level 15 of the Dungeon)
 18211 | D:15     | Received a gift from Okawaru
 18214 | D:15     | HP: 24/101 [rakshasa/+0 trident (16)]
 18215 | D:15     | 18215 ||| READING 6 scrolls of teleportation.
 18216 | D:15     | 18216 ||| DRINKING 7 potions of heal wounds.
 18549 | D:15     | Found a staircase to the Depths.
 18687 | D:15     | 18687 ||| INVOKING Heroism.
 18688 | D:15     | 18688 ||| INVOKING Finesse.
 18692 | D:15     | 18692 ||| Stepping ~*~*~tactically~*~*~ (stealth).
 18694 | D:15     | 18694 ||| SWAPPING to +0 war axe of flaming.
 18699 | D:15     | 18699 ||| SWAPPING to +6 broad axe of Baacluf {heavy,
                  | Str+4}.
 18735 | D:15     | 18735 ||| SWAPPING to +0 war axe of flaming.
 18742 | D:15     | 18742 ||| SWAPPING to +6 broad axe of Baacluf {heavy,
                  | Str+4}.
 18787 | D:15     | 18787 ||| INVOKING Heroism.
 18996 | D:15     | 18996 ||| Stepping ~*~*~tactically~*~*~ (stealth).
 18998 | D:15     | 18998 ||| INVOKING Heroism.
 19065 | D:15     | 19065 ||| Stepping ~*~*~tactically~*~*~ (stealth).
 19066 | D:15     | 19066 ||| Stepping ~*~*~tactically~*~*~ (stealth).
 19067 | D:15     | 19067 ||| Stepping ~*~*~tactically~*~*~ (stealth).
 19070 | D:15     | Identified the +0 war axe of the Boiling Point {freeze,
                  | rF++ rN+}
 19071 | D:15     | 19071 ||| INVOKING Heroism.
 19074 | D:15     | Noticed a tengu reaver
 19076 | D:15     | HP: 12/101 [disintegration (23)]
 19077 | D:15     | 19077 ||| READING 5 scrolls of teleportation.
 19078 | D:15     | 19078 ||| DRINKING 6 potions of heal wounds.
 19079 | D:15     | 19079 ||| DRINKING 5 potions of heal wounds.
 19259 | D:15     | 19259 ||| Stepping ~*~*~tactically~*~*~ (hiding).
 19264 | D:15     | 19264 ||| Stepping ~*~*~tactically~*~*~ (hiding).
 19373 | D:15     | 19373 ||| INVOKING Heroism.
 19390 | D:15     | 19390 ||| Stepping ~*~*~tactically~*~*~ (stealth).
 19392 | D:15     | 19392 ||| Stepping ~*~*~tactically~*~*~ (hiding).
 19431 | D:15     | 19431 ||| Stepping ~*~*~tactically~*~*~ (stealth).
 19436 | D:15     | Received a gift from Okawaru
 19446 | D:15     | 19446 ||| Stepping ~*~*~tactically~*~*~ (stealth).
 19474 | D:15     | 19474 ||| Stepping ~*~*~tactically~*~*~ (stealth).
 19502 | D:15     | 19502 ||| SWAPPING to +0 war axe of flaming.
 19510 | D:15     | 19510 ||| SWAPPING to +6 broad axe of Baacluf {heavy,
                  | Str+4}.
 19593 | D:15     | Received a gift from Okawaru
 19620 | D:15     | 19620 ||| INVOKING Heroism.
 19625 | D:15     | Killed a tengu reaver
 19640 | D:15     | Identified the +2 robe "Qamist" {rC+ rN+ Str-2}
 19644 | D:15     | Noticed a tengu reaver
 19647 | D:15     | 19647 ||| Stepping ~*~*~tactically~*~*~ (hiding).
 19651 | D:15     | 19651 ||| INVOKING Heroism.
 19657 | D:15     | Killed a tengu reaver
 19681 | D:15     | 19681 ||| FLEEEEING.
 19856 | D:15     | 19856 ||| Stepping ~*~*~tactically~*~*~ (stealth).
 19865 | D:15     | 19865 ||| Stepping ~*~*~tactically~*~*~ (hiding).
 19866 | D:15     | 19866 ||| Stepping ~*~*~tactically~*~*~ (hiding).
 19869 | D:15     | Received a gift from Okawaru
 19871 | D:15     | 19871 ||| Stepping ~*~*~tactically~*~*~ (cloud).
 19902 | D:15     | 19902 ||| Stepping ~*~*~tactically~*~*~ (stealth).
 19903 | D:15     | 19903 ||| Stepping ~*~*~tactically~*~*~ (stealth).
 19926 | D:15     | 19926 ||| INVOKING Heroism.
 19999 | D:15     | 19999 ||| INVOKING Heroism.
 20169 | D:15     | 20169 ||| PLANNING ORC
 20169 | D:15     | 20169 ||| DROPPING +0 fire dragon scales.
 20170 | D:15     | 20170 ||| UPGRADING to +3 crystal plate armour "Waarphyllu"
                  | {Dex+4}.
 20180 | D:15     | 20180 ||| DROPPING +0 plate armour.
 20181 | D:15     | 20181 ||| DROPPING +8 plate armour of Joy {Harm +Blink}.
 20182 | D:15     | 20182 ||| UPGRADING to +5 ring of evasion.
 20184 | D:15     | 20184 ||| DROPPING +6 ring of strength.
 20325 | Orc:1    | Entered Level 1 of the Orcish Mines
 20329 | Orc:1    | Noticed Josephine
 20330 | Orc:1    | 20330 ||| Stepping ~*~*~tactically~*~*~ (stealth).
 20341 | Orc:1    | Killed Josephine
 20347 | Orc:1    | Found a transporter.
 20355 | Orc:1    | Found Noxumiq's Book Shoppe.
 20397 | Orc:1    | 20397 ||| Stepping ~*~*~tactically~*~*~ (stealth).
 20399 | Orc:1    | 20399 ||| Stepping ~*~*~tactically~*~*~ (hiding).
 20437 | Orc:1    | Found Weqoi's General Store.
 20448 | Orc:1    | 20448 ||| BUYING potion of might (64 gold).
 20448 | Orc:1    | Bought a potion of might for 64 gold pieces
 20448 | Orc:1    | 20448 ||| BUYING potion of mutation (128 gold).
 20448 | Orc:1    | Bought a potion of mutation for 128 gold pieces
 20512 | Orc:1    | Noticed Urug
 20513 | Orc:1    | 20513 ||| Stepping ~*~*~tactically~*~*~ (hiding).
 20513 | Orc:1    | Found Deiczumn's Distillery.
 20515 | Orc:1    | 20515 ||| INVOKING Heroism.
 20516 | Orc:1    | 20516 ||| INVOKING Finesse.
 20521 | Orc:1    | Killed Urug
 20522 | Orc:1    | Reached skill level 12 in Armour
 20573 | Orc:1    | 20573 ||| BUYING 2 potions of lignification (96 gold).
 20573 | Orc:1    | Bought 2 potions of lignification for 96 gold pieces
 20573 | Orc:1    | 20573 ||| BUYING potion of curing (48 gold).
 20573 | Orc:1    | Bought a potion of curing for 48 gold pieces
 20573 | Orc:1    | 20573 ||| BUYING potion of curing (48 gold).
 20573 | Orc:1    | Bought a potion of curing for 48 gold pieces
 20573 | Orc:1    | 20573 ||| BUYING potion of curing (48 gold).
 20573 | Orc:1    | Bought a potion of curing for 48 gold pieces
 20573 | Orc:1    | 20573 ||| BUYING potion of might (64 gold).
 20573 | Orc:1    | Bought a potion of might for 64 gold pieces
 20573 | Orc:1    | 20573 ||| BUYING potion of might (64 gold).
 20573 | Orc:1    | Bought a potion of might for 64 gold pieces
 20573 | Orc:1    | 20573 ||| BUYING potion of mutation (128 gold).
 20573 | Orc:1    | Bought a potion of mutation for 128 gold pieces
 20573 | Orc:1    | 20573 ||| BUYING potion of resistance (160 gold).
 20573 | Orc:1    | Bought a potion of resistance for 160 gold pieces
 20668 | Orc:1    | Found a dark tunnel.
 20733 | Orc:1    | Found Tocosm's Weapon Boutique.
 20788 | Orc:1    | Found a transporter.
 20790 | Orc:1    | Found Mudilaom's Jewellery Boutique.
 20816 | Orc:1    | 20816 ||| BUYING ring of protection from cold (325 gold).
 20816 | Orc:1    | Bought a ring of protection from cold for 325 gold pieces
 21008 | Orc:2    | Entered Level 2 of the Orcish Mines
 21018 | Orc:2    | 21018 ||| INVOKING Heroism.
 21026 | Orc:2    | 21026 ||| Stepping ~*~*~tactically~*~*~ (stealth).
 21038 | Orc:2    | Received a gift from Okawaru
 21075 | Orc:2    | Found Cunoduub's General Store.
 21084 | Orc:2    | 21084 ||| BUYING potion of curing (42 gold).
 21084 | Orc:2    | Bought a potion of curing for 42 gold pieces
 21084 | Orc:2    | 21084 ||| BUYING scroll of teleportation (42 gold).
 21084 | Orc:2    | Bought a scroll of teleportation for 42 gold pieces
 21086 | Orc:2    | 21086 ||| Stepping ~*~*~tactically~*~*~ (hiding).
 21092 | Orc:2    | 21092 ||| INVOKING Heroism.
 21114 | Orc:2    | 21114 ||| Stepping ~*~*~tactically~*~*~ (hiding).
 21136 | Orc:2    | Found Hyvob's Jewellery Boutique.
 21145 | Orc:2    | 21145 ||| INVOKING Heroism.
 21149 | Orc:2    | Received a gift from Okawaru
 21177 | Orc:2    | 21177 ||| BUYING ring of ice (375 gold).
 21177 | Orc:2    | Bought a ring of ice for 375 gold pieces
 21177 | Orc:2    | 21177 ||| BUYING ring of protection from cold (375 gold).
 21177 | Orc:2    | Bought a ring of protection from cold for 375 gold pieces
 21200 | Orc:2    | Found Upygh's Antique Armour Shop.
 21208 | Orc:2    | 21208 ||| BUYING pair of runed boots (255 gold).
 21208 | Orc:2    | Bought a pair of runed boots for 255 gold pieces
 21208 | Orc:2    | 21208 ||| SHOPLISTING pair of runed boots (255 gold, have
                  | 111).
 21208 | Orc:2    | 21208 ||| SHOPLISTING shiny helmet (255 gold, have 111).
 21317 | Orc:2    | 21317 ||| INVOKING Heroism.
 21440 | Orc:2    | Found Zaaganty's Antique Weapon Emporium.
 21534 | Orc:2    | Found a staircase to the Elven Halls.
 21744 | Orc:2    | 21744 ||| PLANNING SPIDER:1-3
 21744 | Orc:2    | 21744 ||| DROPPING +2 pair of boots of rampaging.
 21745 | Orc:2    | 21745 ||| DROPPING ring of ice.
 21918 | Lair:2   | 21918 ||| PLANNING LAIR
 21927 | Lair:2   | 21927 ||| Stepping randomly (stuck).
 21938 | Lair:2   | 21938 ||| PLANNING SPIDER:1-3
 21943 | Spider:1 | Entered Level 1 of the Spider Nest
 21951 | Spider:1 | 21951 ||| INVOKING Heroism.
 21954 | Spider:1 | 21954 ||| STAIRDANCE
 21956 | Lair:2   | HP: 22/101 [redback (8)]
 21957 | Lair:2   | 21957 ||| READING 6 scrolls of teleportation.
 21958 | Lair:2   | 21958 ||| DRINKING 4 potions of heal wounds.
 22117 | Spider:1 | Reached XP level 17. HP: 106/106 MP: 24/24
 22488 | Spider:1 | 22488 ||| INVOKING Heroism.
 22489 | Spider:1 | 22489 ||| Stepping ~*~*~tactically~*~*~ (stealth).
 23144 | Spider:1 | 23144 ||| DROPPING +1 cloak.
 23263 | Spider:2 | 23263 ||| Stepping ~*~*~tactically~*~*~ (hiding).
 23267 | Spider:2 | 23267 ||| INVOKING Finesse.
 23374 | Spider:2 | 23374 ||| INVOKING Heroism.
 23435 | Spider:2 | 23435 ||| INVOKING Heroism.
 23450 | Spider:2 | 23450 ||| INVOKING Finesse.
 23531 | Spider:2 | 23531 ||| Stepping ~*~*~tactically~*~*~ (stealth).
 23534 | Spider:2 | 23534 ||| INVOKING Heroism.
 23535 | Spider:2 | Received a gift from Okawaru
 23605 | Spider:2 | 23605 ||| Stepping ~*~*~tactically~*~*~ (stealth).
 23622 | Spider:2 | 23622 ||| Stepping ~*~*~tactically~*~*~ (stealth).
 23640 | Spider:2 | Identified the +1 chain mail "Ejaciy" {rPois}
 23728 | Spider:2 | Reached skill level 15 in Armour
 23769 | Spider:2 | Received a gift from Okawaru
 24166 | Spider:3 | 24166 ||| STAIRDANCE
 24246 | Spider:3 | 24246 ||| STAIRDANCE
 24393 | Spider:3 | 24393 ||| INVOKING Heroism.
 24408 | Spider:3 | 24408 ||| INVOKING Heroism.
 24536 | Spider:3 | 24536 ||| Stepping ~*~*~tactically~*~*~ (stealth).
 24537 | Spider:3 | 24537 ||| Stepping ~*~*~tactically~*~*~ (stealth).
 24561 | Spider:3 | 24561 ||| INVOKING Heroism.
 24624 | Spider:3 | 24624 ||| READING scroll of enchant armour.
 24624 | Spider:3 | 24624 ||| ENCHANTING +0 helmet.
 24638 | Spider:3 | 24638 ||| Stepping ~*~*~tactically~*~*~ (hiding).
 24647 | Spider:3 | 24647 ||| Stepping ~*~*~tactically~*~*~ (hiding).
 24650 | Spider:3 | 24650 ||| Stepping ~*~*~tactically~*~*~ (hiding).
 24652 | Spider:3 | 24652 ||| Stepping ~*~*~tactically~*~*~ (hiding).
 24653 | Spider:3 | 24653 ||| INVOKING Heroism.
 24888 | Spider:3 | 24888 ||| Stepping ~*~*~tactically~*~*~ (stealth).
 24939 | Spider:3 | 24939 ||| Stepping ~*~*~tactically~*~*~ (stealth).
 24941 | Spider:3 | 24941 ||| Stepping ~*~*~tactically~*~*~ (stealth).
 24943 | Spider:3 | 24943 ||| Stepping ~*~*~tactically~*~*~ (stealth).
 24946 | Spider:3 | 24946 ||| Stepping ~*~*~tactically~*~*~ (stealth).
 24951 | Spider:3 | 24951 ||| Stepping ~*~*~tactically~*~*~ (stealth).
 24953 | Spider:3 | 24953 ||| Stepping ~*~*~tactically~*~*~ (hiding).
 24959 | Spider:3 | 24959 ||| INVOKING Finesse.
 24990 | Spider:3 | Received a gift from Okawaru
 25021 | Spider:3 | 25021 ||| Stepping ~*~*~tactically~*~*~ (stealth).
 25041 | Spider:3 | 25041 ||| Stepping ~*~*~tactically~*~*~ (hiding).
 25045 | Spider:3 | 25045 ||| Stepping ~*~*~tactically~*~*~ (hiding).
 25048 | Spider:3 | 25048 ||| INVOKING Finesse.
 25226 | Spider:3 | 25226 ||| PLANNING SHOALS:1-3
 25314 | Shoals:1 | Entered Level 1 of the Shoals
 25379 | Shoals:1 | Received a gift from Okawaru
 25502 | Shoals:1 | Noticed Roxanne
 25503 | Shoals:1 | 25503 ||| INVOKING Heroism.
 25504 | Shoals:1 | 25504 ||| INVOKING Finesse.
 25516 | Shoals:1 | Killed Roxanne
 25550 | Shoals:1 | 25550 ||| INVOKING Finesse.
 25552 | Shoals:1 | 25552 ||| INVOKING Heroism.
 25614 | Shoals:1 | 25614 ||| Stepping ~*~*~tactically~*~*~ (hiding).
 25771 | Shoals:1 | Noticed a kraken
 25777 | Shoals:1 | Killed a kraken
 25841 | Shoals:1 | 25841 ||| READING scroll of enchant armour.
 25841 | Shoals:1 | 25841 ||| ENCHANTING +1 helmet.
 25881 | Shoals:1 | Reached skill level 13 in Fighting
 25899 | Shoals:1 | 25899 ||| INVOKING Heroism.
 26127 | Shoals:1 | 26127 ||| READING scroll labelled MUNNUTR MUVVA.
 26286 | Shoals:2 | Reached XP level 18. HP: 114/114 MP: 25/25
 26286 | Shoals:2 | 26286 ||| DROPPING +0 war axe of flaming.
 26308 | Shoals:2 | 26308 ||| Stepping ~*~*~tactically~*~*~ (stealth).
 26405 | Shoals:2 | 26405 ||| INVOKING Heroism.
 26414 | Shoals:2 | Received a gift from Okawaru
 26791 | Shoals:2 | Found a frozen archway.
 26919 | Shoals:2 | 26919 ||| Stepping ~*~*~tactically~*~*~ (hiding).
 26922 | Shoals:2 | 26922 ||| INVOKING Heroism.
 27063 | Shoals:2 | 27063 ||| DROPPING +2 helmet.
 27075 | Shoals:3 | 27075 ||| INVOKING Heroism.
 27094 | Shoals:3 | Identified the +0 broad axe "Azuev" {freeze, rPois Int+4}
                  | (Okawaru gifted it to you on level 3 of the Shoals)
 27094 | Shoals:3 | Received a gift from Okawaru
 27163 | Shoals:3 | 27163 ||| DROPPING +0 broad axe "Azuev" {freeze, rPois
                  | Int+4}.
 27179 | Shoals:3 | 27179 ||| INVOKING Heroism.
 27323 | Shoals:3 | 27323 ||| INVOKING Heroism.
 27347 | Shoals:3 | 27347 ||| Stepping ~*~*~tactically~*~*~ (stealth).
 27354 | Shoals:3 | 27354 ||| Stepping ~*~*~tactically~*~*~ (stealth).
 27355 | Shoals:3 | 27355 ||| Stepping ~*~*~tactically~*~*~ (stealth).
 27939 | Shoals:3 | 27939 ||| PLANNING SPIDER:4
 28117 | Spider:4 | Entered Level 4 of the Spider Nest
 28121 | Spider:4 | 28121 ||| INVOKING Finesse.
 28191 | Spider:4 | 28191 ||| Stepping ~*~*~tactically~*~*~ (stealth).
 28198 | Spider:4 | 28198 ||| Stepping ~*~*~tactically~*~*~ (stealth).
 28199 | Spider:4 | 28199 ||| INVOKING Heroism.
 28211 | Spider:4 | 28211 ||| Stepping ~*~*~tactically~*~*~ (stealth).
 28213 | Spider:4 | 28213 ||| Stepping ~*~*~tactically~*~*~ (hiding).
 28233 | Spider:4 | Received a gift from Okawaru
 28237 | Spider:4 | 28237 ||| Stepping ~*~*~tactically~*~*~ (hiding).
 28239 | Spider:4 | 28239 ||| Stepping ~*~*~tactically~*~*~ (hiding).
 28266 | Spider:4 | 28266 ||| Stepping ~*~*~tactically~*~*~ (stealth).
 28267 | Spider:4 | 28267 ||| INVOKING Heroism.
 28275 | Spider:4 | 28275 ||| Stepping ~*~*~tactically~*~*~ (hiding).
 28289 | Spider:4 | Reached skill level 18 in Axes
 28320 | Spider:4 | 28320 ||| INVOKING Heroism.
 28426 | Spider:4 | 28426 ||| Stepping ~*~*~tactically~*~*~ (stealth).
 28431 | Spider:4 | 28431 ||| Stepping ~*~*~tactically~*~*~ (hiding).
 28432 | Spider:4 | 28432 ||| Stepping ~*~*~tactically~*~*~ (hiding).
 28598 | Spider:4 | 28598 ||| Stepping ~*~*~tactically~*~*~ (hiding).
 28605 | Spider:4 | 28605 ||| INVOKING Heroism.
 28606 | Spider:4 | 28606 ||| INVOKING Finesse.
 28632 | Spider:4 | 28632 ||| Stepping ~*~*~tactically~*~*~ (hiding).
 28657 | Spider:4 | 28657 ||| Stepping ~*~*~tactically~*~*~ (stealth).
 28661 | Spider:4 | 28661 ||| INVOKING Heroism.
 28662 | Spider:4 | 28662 ||| Stepping ~*~*~tactically~*~*~ (stealth).
 28691 | Spider:4 | 28691 ||| Stepping ~*~*~tactically~*~*~ (stealth).
 28695 | Spider:4 | 28695 ||| Stepping ~*~*~tactically~*~*~ (stealth).
 28697 | Spider:4 | 28697 ||| Stepping ~*~*~tactically~*~*~ (stealth).
 28698 | Spider:4 | 28698 ||| Stepping ~*~*~tactically~*~*~ (stealth).
 28713 | Spider:4 | 28713 ||| Stepping ~*~*~tactically~*~*~ (stealth).
 28714 | Spider:4 | 28714 ||| Stepping ~*~*~tactically~*~*~ (stealth).
 28720 | Spider:4 | 28720 ||| INVOKING Heroism.
 28761 | Spider:4 | Reached skill level 14 in Fighting
 28764 | Spider:4 | 28764 ||| INVOKING Heroism.
 28773 | Spider:4 | 28773 ||| Stepping ~*~*~tactically~*~*~ (stealth).
 28877 | Spider:4 | 28877 ||| Stepping ~*~*~tactically~*~*~ (stealth).
 28878 | Spider:4 | 28878 ||| Stepping ~*~*~tactically~*~*~ (stealth).
 28886 | Spider:4 | Reached skill level 18 in Shields
 28889 | Spider:4 | 28889 ||| DRINKING 16 potions of curing.
 28889 | Spider:4 | 28889 ||| (to cure confusion)
 28890 | Spider:4 | 28890 ||| DRINKING 15 potions of curing.
 28890 | Spider:4 | 28890 ||| (to cure confusion)
 28894 | Spider:4 | 28894 ||| INVOKING Heroism.
 28898 | Spider:4 | Reached XP level 19. HP: 58/121 MP: 11/26
 28943 | Spider:4 | 28943 ||| Stepping ~*~*~tactically~*~*~ (stealth).
 28952 | Spider:4 | 28952 ||| INVOKING Heroism.
 28957 | Spider:4 | Reached skill level 6 in Dodging
 29102 | Spider:4 | Got a gossamer rune of Zot
 29127 | Spider:4 | 29127 ||| PLANNING VAULTS:1-4
 29390 | Vaults:1 | Entered Level 1 of the Vaults
 29410 | Vaults:1 | 29410 ||| Stepping ~*~*~tactically~*~*~ (hiding).
 29560 | Vaults:1 | 29560 ||| INVOKING Heroism.
 29564 | Vaults:1 | Identified the +11 battleaxe of Mana {vamp, rF+ Str+3
                  | Int+4} (Okawaru gifted it to you on level 1 of the Vaults)
 29564 | Vaults:1 | Received a gift from Okawaru
 29574 | Vaults:1 | 29574 ||| Stepping ~*~*~tactically~*~*~ (hiding).
 29575 | Vaults:1 | 29575 ||| INVOKING Finesse.
 29828 | Vaults:1 | 29828 ||| INVOKING Heroism.
 29829 | Vaults:1 | 29829 ||| INVOKING Finesse.
 29834 | Vaults:1 | 29834 ||| Stepping ~*~*~tactically~*~*~ (stealth).
 29856 | Vaults:1 | 29856 ||| Stepping ~*~*~tactically~*~*~ (hiding).
 29869 | Vaults:1 | 29869 ||| INVOKING Heroism.
 29930 | Vaults:1 | 29930 ||| Stepping ~*~*~tactically~*~*~ (hiding).
 30103 | Vaults:1 | 30103 ||| READING scroll of enchant armour.
 30103 | Vaults:1 | 30103 ||| ENCHANTING +1 cloak.
 30177 | Vaults:1 | 30177 ||| Stepping ~*~*~tactically~*~*~ (hiding).
 30178 | Vaults:1 | 30178 ||| Stepping ~*~*~tactically~*~*~ (hiding).
 30183 | Vaults:1 | 30183 ||| INVOKING Heroism.
 30184 | Vaults:1 | 30184 ||| INVOKING Finesse.
 30223 | Vaults:1 | 30223 ||| INVOKING Heroism.
 30242 | Vaults:1 | Reached skill level 15 in Fighting
 30467 | Vaults:1 | Received a gift from Okawaru
 30533 | Vaults:1 | 30533 ||| Stepping ~*~*~tactically~*~*~ (hiding).
 30535 | Vaults:1 | 30535 ||| Stepping ~*~*~tactically~*~*~ (hiding).
 30536 | Vaults:1 | 30536 ||| Stepping ~*~*~tactically~*~*~ (hiding).
 30558 | Vaults:1 | 30558 ||| Stepping ~*~*~tactically~*~*~ (stealth).
 30559 | Vaults:1 | 30559 ||| Stepping ~*~*~tactically~*~*~ (stealth).
 30561 | Vaults:1 | 30561 ||| Stepping ~*~*~tactically~*~*~ (hiding).
 30562 | Vaults:1 | 30562 ||| Stepping ~*~*~tactically~*~*~ (hiding).
 30563 | Vaults:1 | 30563 ||| Stepping ~*~*~tactically~*~*~ (hiding).
 30863 | Vaults:1 | Received a gift from Okawaru
 30929 | Vaults:1 | 30929 ||| FLEEEEING.
 30930 | Vaults:1 | 30930 ||| FLEEEEING.
 30931 | Vaults:1 | 30931 ||| FLEEEEING.
 30932 | Vaults:1 | 30932 ||| FLEEEEING.
 30933 | Vaults:1 | 30933 ||| FLEEEEING.
 30934 | Vaults:1 | 30934 ||| FLEEEEING.
 30935 | Vaults:1 | 30935 ||| FLEEEEING.
 30936 | Vaults:1 | 30936 ||| FLEEEEING.
 30937 | Vaults:1 | 30937 ||| FLEEEEING.
 30938 | Vaults:1 | 30938 ||| FLEEEEING.
 30939 | Vaults:1 | 30939 ||| FLEEEEING.
 30940 | Vaults:1 | 30940 ||| FLEEEEING.
 31068 | Vaults:1 | Identified the ring "Plog" {Will+ Str+3 Int+6 Slay+3}
 31145 | Vaults:1 | 31145 ||| UPGRADING to ring "Plog" {Will+ Str+3 Int+6
                  | Slay+3}.
 31147 | Vaults:1 | 31147 ||| DROPPING +5 ring of evasion.
 31224 | Vaults:2 | 31224 ||| Stepping ~*~*~tactically~*~*~ (hiding).
 31226 | Vaults:2 | 31226 ||| Stepping ~*~*~tactically~*~*~ (hiding).
 31227 | Vaults:2 | 31227 ||| Stepping ~*~*~tactically~*~*~ (hiding).
 31401 | Vaults:2 | 31401 ||| INVOKING Heroism.
 31402 | Vaults:2 | 31402 ||| INVOKING Finesse.
 31414 | Vaults:2 | 31414 ||| Stepping ~*~*~tactically~*~*~ (hiding).
 31415 | Vaults:2 | 31415 ||| Stepping ~*~*~tactically~*~*~ (hiding).
 31421 | Vaults:2 | Received a gift from Okawaru
 31430 | Vaults:2 | 31430 ||| Stepping ~*~*~tactically~*~*~ (hiding).
 31434 | Vaults:2 | 31434 ||| Stepping ~*~*~tactically~*~*~ (hiding).
 31452 | Vaults:2 | Reached skill level 18 in Armour
 31452 | Vaults:2 | 31452 ||| Stepping ~*~*~tactically~*~*~ (hiding).
 31467 | Vaults:2 | 31467 ||| Stepping ~*~*~tactically~*~*~ (hiding).
 31481 | Vaults:2 | Received a gift from Okawaru
 31483 | Vaults:2 | 31483 ||| Stepping ~*~*~tactically~*~*~ (stealth).
 31489 | Vaults:2 | 31489 ||| Stepping ~*~*~tactically~*~*~ (hiding).
 31500 | Vaults:2 | 31500 ||| INVOKING Heroism.
 31501 | Vaults:2 | 31501 ||| INVOKING Finesse.
 31512 | Vaults:2 | Received a gift from Okawaru
 31624 | Vaults:2 | 31624 ||| Stepping ~*~*~tactically~*~*~ (hiding).
 31763 | Vaults:2 | Identified a scroll of acquirement
 31772 | Vaults:2 | 31772 ||| READING scroll of acquirement.
 31772 | Vaults:2 | 31772 ||| ACQUIRING +8 plate armour of the Kangaroo {-Cast
                  | rF+ Str+5}
 31772 | Vaults:2 | Acquired the +8 plate armour of the Kangaroo {-Cast rF+
                  | Str+5}
 31774 | Vaults:2 | 31774 ||| UPGRADING to +8 plate armour of the Kangaroo
                  | {-Cast rF+ Str+5}.
 31784 | Vaults:2 | 31784 ||| DROPPING +3 crystal plate armour "Waarphyllu"
                  | {Dex+4}.
 31815 | Vaults:2 | Reached XP level 20. HP: 119/129 MP: 27/27
 31818 | Vaults:2 | 31818 ||| FLEEEEING.
 31819 | Vaults:2 | 31819 ||| FLEEEEING.
 31820 | Vaults:2 | 31820 ||| FLEEEEING.
 31821 | Vaults:2 | 31821 ||| FLEEEEING.
 31822 | Vaults:2 | 31822 ||| FLEEEEING.
 31823 | Vaults:2 | 31823 ||| FLEEEEING.
 31824 | Vaults:2 | 31824 ||| FLEEEEING.
 31828 | Vaults:2 | 31828 ||| FLEEEEING.
 31829 | Vaults:2 | 31829 ||| FLEEEEING.
 31830 | Vaults:2 | 31830 ||| FLEEEEING.
 31831 | Vaults:2 | 31831 ||| FLEEEEING.
 31832 | Vaults:2 | 31832 ||| FLEEEEING.
 31833 | Vaults:2 | 31833 ||| FLEEEEING.
 31834 | Vaults:2 | 31834 ||| FLEEEEING.
 31835 | Vaults:2 | 31835 ||| FLEEEEING.
 31836 | Vaults:2 | 31836 ||| FLEEEEING.
 31837 | Vaults:2 | 31837 ||| FLEEEEING.
 31838 | Vaults:2 | 31838 ||| FLEEEEING.
 31839 | Vaults:2 | 31839 ||| FLEEEEING.
 31856 | Vaults:2 | 31856 ||| Stepping ~*~*~tactically~*~*~ (hiding).
 31863 | Vaults:2 | Identified the +1 hand axe of Yniul {flame, Int+2} (Okawaru
                  | gifted it to you on level 2 of the Vaults)
 31863 | Vaults:2 | Received a gift from Okawaru
 32054 | Vaults:2 | 32054 ||| Stepping ~*~*~tactically~*~*~ (hiding).
 32055 | Vaults:2 | 32055 ||| Stepping ~*~*~tactically~*~*~ (hiding).
 32142 | Vaults:2 | 32142 ||| Stepping ~*~*~tactically~*~*~ (stealth).
 32144 | Vaults:2 | 32144 ||| Stepping ~*~*~tactically~*~*~ (stealth).
 32197 | Vaults:2 | Found a staircase to the Crypt.
 32197 | Vaults:2 | Found a basalt altar of Yredelemnul.
 32197 | Vaults:2 | Found an ancient bone altar of Kikubaaqudgha.
 32680 | Vaults:2 | Reached skill level 9 in Throwing
 32683 | Vaults:2 | 32683 ||| INVOKING Finesse.
 32849 | Vaults:3 | 32849 ||| FLEEEEING.
 32852 | Vaults:3 | 32852 ||| FLEEEEING.
 32859 | Vaults:3 | 32859 ||| FLEEEEING.
 32860 | Vaults:3 | 32860 ||| FLEEEEING.
 32861 | Vaults:3 | 32861 ||| FLEEEEING.
 32862 | Vaults:3 | 32862 ||| FLEEEEING.
 32863 | Vaults:3 | 32863 ||| FLEEEEING.
 32864 | Vaults:3 | 32864 ||| FLEEEEING.
 32865 | Vaults:3 | 32865 ||| FLEEEEING.
 32866 | Vaults:3 | 32866 ||| FLEEEEING.
 32867 | Vaults:3 | 32867 ||| FLEEEEING.
 32873 | Vaults:3 | 32873 ||| FLEEEEING.
 32874 | Vaults:3 | 32874 ||| FLEEEEING.
 32875 | Vaults:3 | 32875 ||| FLEEEEING.
 32881 | Vaults:3 | 32881 ||| STAIRDANCE
 33313 | Vaults:3 | 33313 ||| Stepping ~*~*~tactically~*~*~ (hiding).
 33396 | Vaults:3 | Reached skill level 16 in Fighting
 33402 | Vaults:3 | Identified the +1 broad axe of the Wasp {heavy, Drain rC+
                  | Str+6 SInv} (Okawaru gifted it to you on level 3 of the
                  | Vaults)
 33402 | Vaults:3 | Received a gift from Okawaru
 33411 | Vaults:3 | 33411 ||| Stepping ~*~*~tactically~*~*~ (hiding).
 33412 | Vaults:3 | 33412 ||| Stepping ~*~*~tactically~*~*~ (hiding).
 33524 | Vaults:3 | 33524 ||| SWAPPING to +1 broad axe of the Wasp {heavy,
                  | Drain rC+ Str+6 SInv}.
 33579 | Vaults:3 | 33579 ||| FLEEEEING.
 33580 | Vaults:3 | 33580 ||| FLEEEEING.
 33609 | Vaults:3 | 33609 ||| INVOKING Heroism.
 33626 | Vaults:3 | Identified the +0 helmet "Othoemon" {+Inv Str+4 Dex-4
                  | Stlth+} (Okawaru gifted it to you on level 3 of the Vaults)
 33626 | Vaults:3 | Received a gift from Okawaru
 33633 | Vaults:3 | Reached skill level 17 in Fighting
 33867 | Vaults:3 | 33867 ||| INVOKING Heroism.
 33930 | Vaults:3 | Found a runed translucent door.
 34408 | Vaults:3 | Found Zeehesh's Distillery.
 34411 | Vaults:3 | 34411 ||| BUYING potion of curing (66 gold).
 34411 | Vaults:3 | Bought a potion of curing for 66 gold pieces
 34411 | Vaults:3 | 34411 ||| BUYING potion of curing (66 gold).
 34411 | Vaults:3 | Bought a potion of curing for 66 gold pieces
 34411 | Vaults:3 | 34411 ||| BUYING potion of enlightenment (110 gold).
 34411 | Vaults:3 | Bought a potion of enlightenment for 110 gold pieces
 34411 | Vaults:3 | 34411 ||| BUYING potion of enlightenment (110 gold).
 34411 | Vaults:3 | Bought a potion of enlightenment for 110 gold pieces
 34411 | Vaults:3 | 34411 ||| BUYING potion of haste (220 gold).
 34411 | Vaults:3 | Bought a potion of haste for 220 gold pieces
 34411 | Vaults:3 | 34411 ||| BUYING potion of heal wounds (110 gold).
 34411 | Vaults:3 | Bought a potion of heal wounds for 110 gold pieces
 34411 | Vaults:3 | 34411 ||| BUYING potion of lignification (66 gold).
 34411 | Vaults:3 | Bought a potion of lignification for 66 gold pieces
 34411 | Vaults:3 | 34411 ||| BUYING potion of might (88 gold).
 34411 | Vaults:3 | Bought a potion of might for 88 gold pieces
 34502 | Vaults:3 | 34502 ||| Stepping ~*~*~tactically~*~*~ (stealth).
 34533 | Vaults:3 | 34533 ||| FLEEEEING.
 34534 | Vaults:3 | 34534 ||| FLEEEEING.
 34535 | Vaults:3 | 34535 ||| FLEEEEING.
 34536 | Vaults:3 | 34536 ||| FLEEEEING.
 34537 | Vaults:3 | 34537 ||| FLEEEEING.
 34538 | Vaults:3 | 34538 ||| FLEEEEING.
 34539 | Vaults:3 | 34539 ||| FLEEEEING.
 34540 | Vaults:3 | 34540 ||| FLEEEEING.
 34545 | Vaults:3 | 34545 ||| FLEEEEING.
 34546 | Vaults:3 | 34546 ||| FLEEEEING.
 34547 | Vaults:3 | 34547 ||| FLEEEEING.
 34548 | Vaults:3 | 34548 ||| FLEEEEING.
 34549 | Vaults:3 | 34549 ||| FLEEEEING.
 34550 | Vaults:3 | 34550 ||| FLEEEEING.
 34551 | Vaults:3 | 34551 ||| FLEEEEING.
 34552 | Vaults:3 | 34552 ||| FLEEEEING.
 34685 | Vaults:3 | 34685 ||| Stepping ~*~*~tactically~*~*~ (hiding).
 34937 | Vaults:3 | 34937 ||| DROPPING +0 helmet "Othoemon" {+Inv Str+4 Dex-4
                  | Stlth+}.
 34978 | Vaults:4 | 34978 ||| Stepping ~*~*~tactically~*~*~ (hiding).
 34979 | Vaults:4 | 34979 ||| Stepping ~*~*~tactically~*~*~ (hiding).
 34995 | Vaults:4 | 34995 ||| Stepping ~*~*~tactically~*~*~ (hiding).
 35245 | Vaults:4 | 35245 ||| Stepping ~*~*~tactically~*~*~ (hiding).
 35302 | Vaults:4 | Found Qagyzed's Armour Shop.
 35373 | Vaults:4 | 35373 ||| DROPPING +1 pair of gloves.
 35375 | Vaults:4 | 35375 ||| Stepping ~*~*~tactically~*~*~ (hiding).
 35379 | Vaults:4 | 35379 ||| FLEEEEING.
 35380 | Vaults:4 | 35380 ||| FLEEEEING.
 35382 | Vaults:4 | 35382 ||| FLEEEEING.
 35383 | Vaults:4 | 35383 ||| FLEEEEING.
 35384 | Vaults:4 | 35384 ||| FLEEEEING.
 35385 | Vaults:4 | 35385 ||| FLEEEEING.
 35391 | Vaults:4 | 35391 ||| INVOKING Heroism.
 35393 | Vaults:4 | Received a gift from Okawaru
 35527 | Vaults:4 | 35527 ||| Stepping ~*~*~tactically~*~*~ (hiding).
 35529 | Vaults:4 | 35529 ||| Stepping ~*~*~tactically~*~*~ (hiding).
 35588 | Vaults:4 | Reached XP level 21. HP: 127/140 MP: 28/28
 35627 | Vaults:4 | 35627 ||| Stepping ~*~*~tactically~*~*~ (hiding).
 35628 | Vaults:4 | 35628 ||| Stepping ~*~*~tactically~*~*~ (hiding).
 35629 | Vaults:4 | 35629 ||| Stepping ~*~*~tactically~*~*~ (hiding).
 35632 | Vaults:4 | 35632 ||| Stepping ~*~*~tactically~*~*~ (hiding).
 35721 | Vaults:4 | 35721 ||| Stepping ~*~*~tactically~*~*~ (stealth).
 35723 | Vaults:4 | 35723 ||| Stepping ~*~*~tactically~*~*~ (hiding).
 35980 | Vaults:4 | Received a gift from Okawaru
 35981 | Vaults:4 | Reached skill level 18 in Fighting
 36009 | Vaults:4 | 36009 ||| Stepping ~*~*~tactically~*~*~ (stealth).
 36010 | Vaults:4 | 36010 ||| Stepping ~*~*~tactically~*~*~ (stealth).
 36047 | Vaults:4 | 36047 ||| Stepping ~*~*~tactically~*~*~ (stealth).
 36185 | Vaults:4 | 36185 ||| Stepping ~*~*~tactically~*~*~ (hiding).
 36186 | Vaults:4 | 36186 ||| Stepping ~*~*~tactically~*~*~ (hiding).
 36200 | Vaults:4 | Received a gift from Okawaru
 36245 | Vaults:4 | 36245 ||| Stepping ~*~*~tactically~*~*~ (hiding).
 36407 | Vaults:4 | 36407 ||| Stepping ~*~*~tactically~*~*~ (stealth).
 36409 | Vaults:4 | 36409 ||| Stepping ~*~*~tactically~*~*~ (stealth).
 36412 | Vaults:4 | 36412 ||| Stepping ~*~*~tactically~*~*~ (hiding).
 36613 | Vaults:4 | 36613 ||| PLANNING SHOALS:4
 36913 | Shoals:4 | Entered Level 4 of the Shoals
 36928 | Shoals:4 | 36928 ||| INVOKING Heroism.
 36929 | Shoals:4 | 36929 ||| INVOKING Finesse.
 36956 | Shoals:4 | 36956 ||| Stepping ~*~*~tactically~*~*~ (stealth).
 36958 | Shoals:4 | 36958 ||| Stepping ~*~*~tactically~*~*~ (stealth).
 36959 | Shoals:4 | 36959 ||| Stepping ~*~*~tactically~*~*~ (stealth).
 36962 | Shoals:4 | 36962 ||| Stepping ~*~*~tactically~*~*~ (stealth).
 36968 | Shoals:4 | 36968 ||| Stepping ~*~*~tactically~*~*~ (stealth).
 37016 | Shoals:4 | Got a barnacled rune of Zot
 37068 | Shoals:4 | 37068 ||| Stepping ~*~*~tactically~*~*~ (hiding).
 37069 | Shoals:4 | 37069 ||| Stepping ~*~*~tactically~*~*~ (hiding).
 37071 | Shoals:4 | 37071 ||| Stepping ~*~*~tactically~*~*~ (hiding).
 37383 | Shoals:4 | 37383 ||| FLEEEEING.
 37384 | Shoals:4 | 37384 ||| FLEEEEING.
 37385 | Shoals:4 | 37385 ||| FLEEEEING.
 37386 | Shoals:4 | 37386 ||| FLEEEEING.
 37387 | Shoals:4 | 37387 ||| FLEEEEING.
 37388 | Shoals:4 | 37388 ||| FLEEEEING.
 37389 | Shoals:4 | 37389 ||| FLEEEEING.
 37390 | Shoals:4 | 37390 ||| FLEEEEING.
 37391 | Shoals:4 | 37391 ||| INVOKING Heroism.
 37392 | Shoals:4 | 37392 ||| INVOKING Finesse.
 37406 | Shoals:4 | Received a gift from Okawaru
 37538 | Shoals:4 | 37538 ||| INVOKING Heroism.
 37539 | Shoals:4 | 37539 ||| INVOKING Finesse.
 37550 | Shoals:4 | Noticed Mlioglotl
 37563 | Shoals:4 | Noticed Polyphemus
 37570 | Shoals:4 | Killed Mlioglotl
 37574 | Shoals:4 | Killed Polyphemus
 37598 | Shoals:4 | 37598 ||| Stepping ~*~*~tactically~*~*~ (stealth).
 37599 | Shoals:4 | 37599 ||| Stepping ~*~*~tactically~*~*~ (stealth).
 37714 | Shoals:4 | 37714 ||| Stepping ~*~*~tactically~*~*~ (hiding).
 37879 | Shoals:4 | 37879 ||| INVOKING Heroism.
 37880 | Shoals:4 | 37880 ||| INVOKING Finesse.
 38169 | Shoals:4 | 38169 ||| PLANNING DEPTHS
 38169 | Shoals:4 | 38169 ||| DROPPING amulet of guardian spirit.
 38170 | Shoals:4 | 38170 ||| DROPPING 2 silver boomerangs.
 38171 | Shoals:4 | 38171 ||| DROPPING 26 boomerangs.
 38538 | Depths:1 | Entered Level 1 of the Depths
 38539 | Depths:1 | 38539 ||| Stepping ~*~*~tactically~*~*~ (hiding).
 38540 | Depths:1 | 38540 ||| Stepping ~*~*~tactically~*~*~ (hiding).
 38541 | Depths:1 | 38541 ||| Stepping ~*~*~tactically~*~*~ (hiding).
 38542 | Depths:1 | 38542 ||| Stepping ~*~*~tactically~*~*~ (hiding).
 38615 | Depths:1 | Found a sparkling altar of Nemelex Xobeh.
 38629 | Depths:1 | Noticed Nikola
 38642 | Depths:1 | Killed Nikola
 38739 | Depths:1 | 38739 ||| INVOKING Heroism.
 38740 | Depths:1 | 38740 ||| INVOKING Finesse.
 38749 | Depths:1 | Reached skill level 19 in Fighting
 38774 | Depths:1 | 38774 ||| Stepping ~*~*~tactically~*~*~ (hiding).
 38777 | Depths:1 | Received a gift from Okawaru
 38778 | Depths:1 | 38778 ||| Stepping ~*~*~tactically~*~*~ (hiding).
 38779 | Depths:1 | 38779 ||| Stepping ~*~*~tactically~*~*~ (hiding).
 38830 | Depths:1 | 38830 ||| INVOKING Finesse.
 39015 | Depths:1 | 39015 ||| Stepping ~*~*~tactically~*~*~ (stealth).
 39017 | Depths:1 | 39017 ||| Stepping ~*~*~tactically~*~*~ (stealth).
 39130 | Depths:1 | Received a gift from Okawaru
 39133 | Depths:1 | 39133 ||| INVOKING Heroism.
 39191 | Depths:1 | 39191 ||| INVOKING Heroism.
 39286 | Depths:1 | You are sucked into a shaft and drop 1 floor!
 39289 | Depths:2 | Found a one-way gate leading to the halls of Pandemonium.
 39290 | Depths:2 | 39290 ||| PLANNING WIZLAB
 39301 | Depths:2 | Received a gift from Okawaru
 39318 | Depths:2 | 39318 ||| INVOKING Heroism.
 39319 | Depths:2 | 39319 ||| INVOKING Finesse.
 39392 | Depths:2 | 39392 ||| INVOKING Finesse.
 39395 | Depths:2 | Received a gift from Okawaru
 39438 | Depths:2 | 39438 ||| Stepping ~*~*~tactically~*~*~ (hiding).
 39441 | Depths:2 | 39441 ||| Stepping ~*~*~tactically~*~*~ (hiding).
 39442 | Depths:2 | 39442 ||| Stepping ~*~*~tactically~*~*~ (hiding).
 39524 | Depths:2 | Reached XP level 22. HP: 150/150 MP: 29/29
 39529 | Depths:2 | 39529 ||| INVOKING Heroism.
 39533 | Depths:2 | Received a gift from Okawaru
 39534 | Depths:2 | Noticed Grunn
 39544 | Depths:2 | Received a gift from Okawaru
 39545 | Depths:2 | Noticed Asterion
 39550 | Depths:2 | HP: 34/149 [???[a doom hound] (9)]
 39551 | Depths:2 | 39551 ||| READING 11 scrolls of teleportation.
 39552 | Depths:2 | 39552 ||| DRINKING 6 potions of heal wounds.
 39554 | Depths:2 | 39554 ||| DRINKING 5 potions of heal wounds.
 39563 | Depths:2 | 39563 ||| Stepping ~*~*~tactically~*~*~ (stealth).
 39608 | Depths:2 | 39608 ||| Stepping ~*~*~tactically~*~*~ (hiding).
 39609 | Depths:2 | 39609 ||| INVOKING Heroism.
 39617 | Depths:2 | Noticed a royal mummy
 39618 | Depths:2 | 39618 ||| Stepping ~*~*~tactically~*~*~ (hiding).
 39620 | Depths:2 | 39620 ||| Stepping ~*~*~tactically~*~*~ (hiding).
 39630 | Depths:2 | HP: 37/152 [??? (10)]
 39630 | Depths:2 | HP: 18/152 [death scarab[a royal mummy] (19)]
 39631 | Depths:2 | 39631 ||| READING 10 scrolls of teleportation.
 39632 | Depths:2 | 39632 ||| DRINKING 4 potions of heal wounds.
 39741 | Depths:2 | 39741 ||| FLEEEEING.
 39742 | Depths:2 | 39742 ||| INVOKING Heroism.
 39756 | Depths:2 | Reached skill level 20 in Fighting
 39923 | Depths:2 | Found a gateway to Hell.
 39979 | Depths:2 | 39979 ||| Stepping ~*~*~tactically~*~*~ (stealth).
 39980 | Depths:2 | 39980 ||| Stepping ~*~*~tactically~*~*~ (stealth).
 39988 | Depths:2 | 39988 ||| RIP WIZLAB
 39989 | Depths:2 | 39989 ||| PLANNING DEPTHS
 40064 | Depths:1 | Found a one-way gateway to a ziggurat.
 40299 | Depths:1 | 40299 ||| Stepping ~*~*~tactically~*~*~ (stealth).
 40300 | Depths:1 | 40300 ||| Stepping ~*~*~tactically~*~*~ (stealth).
 40302 | Depths:1 | 40302 ||| Stepping ~*~*~tactically~*~*~ (hiding).
 40430 | Depths:2 | Received a gift from Okawaru
 40436 | Depths:2 | 40436 ||| INVOKING Heroism.
 40453 | Depths:2 | 40453 ||| INVOKING Finesse.
 40457 | Depths:2 | Received a gift from Okawaru
 40664 | Depths:2 | Found Izeheqo's Jewellery Shop.
 40667 | Depths:2 | 40667 ||| Stepping ~*~*~tactically~*~*~ (hiding).
 40669 | Depths:2 | 40669 ||| Stepping ~*~*~tactically~*~*~ (hiding).
 40680 | Depths:2 | 40680 ||| INVOKING Heroism.
 40691 | Depths:2 | Found Ziagimod's Magic Scroll Boutique.
 40693 | Depths:2 | Found Leyts's Jewellery Shop.
 40697 | Depths:2 | 40697 ||| BUYING ring of resist corrosion (260 gold).
 40697 | Depths:2 | Bought a ring of resist corrosion for 260 gold pieces
 40698 | Depths:2 | 40698 ||| Stepping ~*~*~tactically~*~*~ (hiding).
 40699 | Depths:2 | 40699 ||| Stepping ~*~*~tactically~*~*~ (stealth).
 40700 | Depths:2 | 40700 ||| Stepping ~*~*~tactically~*~*~ (stealth).
 40710 | Depths:2 | 40710 ||| BUYING scroll of enchant weapon (150 gold).
 40710 | Depths:2 | Bought a scroll of enchant weapon for 150 gold pieces
 40710 | Depths:2 | 40710 ||| BUYING scroll of teleportation (60 gold).
 40710 | Depths:2 | Bought a scroll of teleportation for 60 gold pieces
 40710 | Depths:2 | 40710 ||| BUYING scroll of teleportation (60 gold).
 40710 | Depths:2 | Bought a scroll of teleportation for 60 gold pieces
 40710 | Depths:2 | 40710 ||| BUYING scroll of teleportation (60 gold).
 40710 | Depths:2 | Bought a scroll of teleportation for 60 gold pieces
 40729 | Depths:2 | 40729 ||| INVOKING Heroism.
 40730 | Depths:2 | Killed Grunn
 40764 | Depths:2 | 40764 ||| Stepping ~*~*~tactically~*~*~ (stealth).
 40775 | Depths:2 | 40775 ||| Stepping ~*~*~tactically~*~*~ (stealth).
 40776 | Depths:2 | 40776 ||| Stepping ~*~*~tactically~*~*~ (stealth).
 40778 | Depths:2 | 40778 ||| INVOKING Heroism.
 40787 | Depths:2 | Killed Asterion
 41093 | Depths:2 | 41093 ||| INVOKING Heroism.
 41104 | Depths:2 | Killed a royal mummy
 41140 | Depths:2 | 41140 ||| Stepping ~*~*~tactically~*~*~ (hiding).
 41142 | Depths:2 | 41142 ||| INVOKING Heroism.
 41147 | Depths:2 | Noticed a royal mummy
 41148 | Depths:2 | 41148 ||| Stepping ~*~*~tactically~*~*~ (hiding).
 41159 | Depths:2 | Killed a royal mummy
 41159 | Depths:2 | Received a gift from Okawaru
 41251 | Depths:2 | Noticed a royal mummy
 41252 | Depths:2 | 41252 ||| Stepping ~*~*~tactically~*~*~ (hiding).
 41254 | Depths:2 | 41254 ||| INVOKING Heroism.
 41267 | Depths:2 | Killed a royal mummy
 41267 | Depths:2 | HP: 37/149 [something (12)]
 41530 | Depths:2 | 41530 ||| Stepping ~*~*~tactically~*~*~ (stealth).
 41804 | Depths:3 | 41804 ||| Stepping ~*~*~tactically~*~*~ (hiding).
 41805 | Depths:3 | Paralysed by a floating eye for 2 turns
 41810 | Depths:3 | Paralysed by a floating eye for 4 turns
 41817 | Depths:3 | Reached skill level 9 in Dodging
 41894 | Depths:3 | 41894 ||| INVOKING Heroism.
 41901 | Depths:3 | Received a gift from Okawaru
 41962 | Depths:3 | 41962 ||| INVOKING Heroism.
 42003 | Depths:3 | 42003 ||| READING scroll of acquirement.
 42003 | Depths:3 | 42003 ||| ACQUIRING 836 gold pieces
 42003 | Depths:3 | Acquired 836 gold pieces
 42062 | Depths:3 | Found a one-way gate to the infinite horrors of the Abyss.
 42091 | Depths:3 | 42091 ||| Stepping ~*~*~tactically~*~*~ (hiding).
 42102 | Depths:3 | 42102 ||| Stepping ~*~*~tactically~*~*~ (hiding).
 42138 | Depths:3 | 42138 ||| FLEEEEING.
 42139 | Depths:3 | 42139 ||| FLEEEEING.
 42140 | Depths:3 | 42140 ||| FLEEEEING.
 42141 | Depths:3 | 42141 ||| FLEEEEING.
 42142 | Depths:3 | 42142 ||| Stepping ~*~*~tactically~*~*~ (hiding).
 42147 | Depths:3 | 42147 ||| INVOKING Heroism.
 42150 | Depths:3 | Received a gift from Okawaru
 42151 | Depths:3 | Reached skill level 21 in Shields
 42323 | Depths:3 | Found an opulent altar of Gozag.
 42408 | Depths:3 | 42408 ||| Stepping ~*~*~tactically~*~*~ (stealth).
 42410 | Depths:3 | 42410 ||| FLEEEEING.
 42411 | Depths:3 | 42411 ||| FLEEEEING.
 42412 | Depths:3 | 42412 ||| FLEEEEING.
 42413 | Depths:3 | 42413 ||| FLEEEEING.
 42414 | Depths:3 | 42414 ||| Stepping ~*~*~tactically~*~*~ (hiding).
 42460 | Depths:3 | 42460 ||| Stepping ~*~*~tactically~*~*~ (hiding).
 42468 | Depths:3 | 42468 ||| Stepping ~*~*~tactically~*~*~ (hiding).
 42472 | Depths:3 | 42472 ||| Stepping ~*~*~tactically~*~*~ (hiding).
 42819 | Depths:3 | 42819 ||| Stepping ~*~*~tactically~*~*~ (hiding).
 43049 | Depths:3 | 43049 ||| DROPPING +6 ring of dexterity.
 43075 | Depths:4 | Entered Level 4 of the Depths
 43100 | Depths:4 | 43100 ||| FLEEEEING.
 43101 | Depths:4 | 43101 ||| FLEEEEING.
 43102 | Depths:4 | 43102 ||| STAIRDANCE
 43193 | Depths:4 | 43193 ||| INVOKING Finesse.
 43200 | Depths:4 | Reached skill level 21 in Fighting
 43201 | Depths:4 | Reached XP level 23. HP: 124/160 MP: 25/30
 43208 | Depths:4 | 43208 ||| Stepping ~*~*~tactically~*~*~ (stealth).
 43209 | Depths:4 | 43209 ||| Stepping ~*~*~tactically~*~*~ (stealth).
 43209 | Depths:4 | Noticed a juggernaut
 43210 | Depths:4 | 43210 ||| Stepping ~*~*~tactically~*~*~ (hiding).
 43211 | Depths:4 | 43211 ||| Stepping ~*~*~tactically~*~*~ (hiding).
 43212 | Depths:4 | 43212 ||| Stepping ~*~*~tactically~*~*~ (hiding).
 43213 | Depths:4 | 43213 ||| INVOKING Heroism.
 43225 | Depths:4 | Killed a juggernaut
 43648 | Depths:4 | Found a hide-covered altar of Uskayaw.
 43677 | Depths:4 | 43677 ||| Stepping ~*~*~tactically~*~*~ (hiding).
 43765 | Depths:4 | 43765 ||| Stepping ~*~*~tactically~*~*~ (hiding).
 43768 | Depths:4 | 43768 ||| Stepping ~*~*~tactically~*~*~ (hiding).
 43788 | Depths:4 | Noticed a golden dragon
 43789 | Depths:4 | 43789 ||| INVOKING Heroism.
 43790 | Depths:4 | 43790 ||| INVOKING Finesse.
 43796 | Depths:4 | Found a gate to the Realm of Zot.
 43808 | Depths:4 | Killed a golden dragon
 44062 | Depths:4 | 44062 ||| PLANNING VAULTS:5
 44062 | Depths:4 | 44062 ||| DROPPING +1 pair of boots.
 44063 | Depths:4 | 44063 ||| DROPPING +2 pair of boots.
 44395 | Vaults:5 | Entered Level 5 of the Vaults
 44396 | Vaults:5 | 44396 ||| INVOKING Heroism.
 44400 | Vaults:5 | 44400 ||| INVOKING Finesse.
 44402 | Vaults:5 | Reached skill level 12 in Throwing
 44405 | Vaults:5 | Received a gift from Okawaru
 44430 | Vaults:5 | 44430 ||| INVOKING Finesse.
 44433 | Vaults:5 | 44433 ||| INVOKING Heroism.
 44439 | Vaults:5 | Noticed a dread lich
 44446 | Vaults:5 | Received a gift from Okawaru
 44447 | Vaults:5 | Noticed an ancient lich
 44450 | Vaults:5 | HP: 37/160 [tengu reaver/+4 great sword (8)]
 44451 | Vaults:5 | 44451 ||| READING 13 scrolls of teleportation.
 44452 | Vaults:5 | 44452 ||| DRINKING 4 potions of heal wounds.
 44452 | Vaults:5 | Noticed a golden dragon
 44455 | Vaults:5 | Noticed an ancient lich
 44456 | Vaults:5 | Killed a dread lich
 44456 | Vaults:5 | Received a gift from Okawaru
 44468 | Vaults:5 | 44468 ||| INVOKING Finesse.
 44471 | Vaults:5 | 44471 ||| Stepping ~*~*~tactically~*~*~ (hiding).
 44472 | Vaults:5 | HP: 39/161 [deep elf high priest/damnation (20)]
 44473 | Vaults:5 | 44473 ||| READING 12 scrolls of teleportation.
 44474 | Vaults:5 | 44474 ||| DRINKING 3 potions of heal wounds.
 44497 | Vaults:5 | Reached skill level 22 in Fighting
 44500 | Vaults:5 | Identified the +0 robe "Kakhan" {rF+ Str+3}
 44500 | Vaults:5 | Identified the ring of Kefolub {rN++ rCorr MP+9}
 44501 | Vaults:5 | 44501 ||| INVOKING Finesse.
 44504 | Vaults:5 | 44504 ||| INVOKING Heroism.
 44508 | Vaults:5 | HP: 36/162 [deep elf high priest/divine providence (9)]
 44509 | Vaults:5 | 44509 ||| READING 11 scrolls of teleportation.
 44509 | Vaults:5 | Identified the +5 scale mail "Afinlaqi" {Str+3 Int+2
                  | Stlth+}
 44510 | Vaults:5 | 44510 ||| DRINKING 2 potions of heal wounds.
 44528 | Vaults:5 | 44528 ||| Stepping ~*~*~tactically~*~*~ (hiding).
 44539 | Vaults:5 | Killed an ancient lich
 44542 | Vaults:5 | Identified the +1 longbow of Death's Door {freeze, rF+
                  | Dex+2} (Okawaru gifted it to you on level 5 of the Vaults)
 44542 | Vaults:5 | Received a gift from Okawaru
 44551 | Vaults:5 | 44551 ||| INVOKING Finesse.
 44553 | Vaults:5 | Killed from afar by an ancient lich

Levels and vault maps discovered:
D:1:      lightli_arrival_noodles, layout_loops_ring
D:2:      layout_basic, minmay_splitting_lines, minmay_domino_2, uniq_jessica
D:3:      layout_basic, serial_shops, shop, nicolae_shop_real_fake_doors, shop,
          kennysheep_generic_room_16
D:4:      kennysheep_slugbush, layout_basic,
          minmay_temple_entry_statues_fountains, ebering_ghost_rock_garden,
          uniq_duvessa, uniq_pikel, uniq_sigmund, uniq_ijyb
D:5:      layout_cave_pools, mainiacjoe_overflow_catwalk_spiral
D:6:      nicolae_cairo_tiling_very_big, layout_loops_ring,
          mainiacjoe_overflow_boulevard, old_standard_altar, uniq_eustachio,
          uniq_maggie, uniq_crazy_yiuf_cottage
D:7:      layout_cave_pools, nicolae_overflow_hidden_temple,
          nicolae_sif_muna_little_library, serial_column_ruins,
          column_ruins_columns_straight, column_ruins_corridor_T,
          column_ruins_grid_1, column_ruins_grid_3, column_ruins_grid_1,
          column_ruins_columns_straight
D:8:      layout_cave_pools, serial_undead, serial_undead_e, serial_undead_f,
          serial_undead_e, serial_undead_b, chequers_mini_garden,
          roderic_serpentine_path, minmay_misc_feat_tower
D:9:      layout_loops_ring, mainiacjoe_overflow_alcove_4,
          grunt_lair_entry_orc_guard_hut, uniq_harold
D:10:     layout_basic, lemuel_mausoleum_altar_yredelemnul
D:11:     layout_basic
D:12:     layout_basic, orc_0_dummy
D:13:     layout_basic, skrybe_vaults_entry_preservation,
          hangedman_abyss_or_decor_clamps, nicolae_qazlal_scattered_showers
D:14:     layout_rooms, enter_trove_1, minmay_door_square,
          pdpol_wu_jian_five_deadly_venoms, uniq_nessos
D:15:     hangedman_slaughterboxes, uniq_jorgrun
Temple:   nicolae_temple_great_sept
Lair:1:   layout_small_grid, patterned_corridor
Lair:2:   layout_regular_city, nicolae_shoals_entry_flooding,
          nicolae_spider_entry_tight_spaces, nicolae_quartered_pool_little,
          cheibrodos_lair_reptile_den
Lair:3:   layout_roguey
Lair:4:   layout_cave_pods, minmay_slime_entry_pillars, beast_lair_carwin_5
Lair:5:   minmay_lair_end_enchanted_forest, layout_long_grid,
          serial_bayou_lagoon_b
Shoals:1: layout_shoals, uniq_roxanne
Shoals:2: layout_shoals, portal_ice_cave_entry_pillars_2
Shoals:3: layout_shoals
Shoals:4: shoals_end_simple, layout_shoals, uniq_polyphemus, uniq_mlioglotl
Spider:1: layout_chambers
Spider:2: layout_spider_delve
Spider:3: layout_spider_delve
Spider:4: guppyfry_spider_rune
Orc:1:    layout_caves, basic_altar, serial_shops, shop, nicolae_lakefront_shop,
          nicolae_shop_drivethru, shop, nicolae_shop_tiny_statue_garden,
          enter_volcano_1, uniq_urug, uniq_josephine
Orc:2:    grunt_orc_gardens, layout_diamond_mine, grunt_orc_garden,
          grunt_orc_garden, grunt_orc_garden, grunt_orc_garden,
          lightli_orcish_oven
Vaults:1: hangedman_vaults_impose, v_misc_11,
          nicolae_vaults_variable_pillar_hall, hangedman_vaults_variations,
          hangedman_vaults_stream, nicolae_vaults_shipping_containers_7,
          dpeg_vaults_monster_box, ontoclasm_vaults_ring_large,
          nicolae_vaults_specimen_jars, ontoclasm_vaults_decontamination,
          v_misc_27, nicolae_vaults_alarming, grunt_vaults_hallway_short,
          nicolae_vaults_layer_cake_slice, ontoclasm_vaults_twist,
          vaults_room_stairs_pillars, layout_vaults_maze
Vaults:2: vaults_room_door_hall, nicolae_vaults_stepped_doors,
          ontoclasm_vaults_ring_large, nicolae_vaults_big_ls, v_alt_pattern_4,
          minmay_crypt_entry_necro_gods, ontoclasm_vaults_ring_square,
          nicolae_vaults_trapezoid_4, nicolae_vaults_more_shelving_2,
          nicolae_vaults_double_plus_2, vaults_dpeg_encased_lava,
          nicolae_vaults_variable_pillar_hall, layout_vaults_omnicross
Vaults:3: nicolae_vaults_wrenched, ontoclasm_vaults_fault,
          nicolae_vaults_network_s, vaults_room_boxed, vaults_room_fours,
          v_alt_pattern_5, nicolae_vaults_oozy_zoo, v_misc_3,
          hangedman_vaults_stretched_pinwheel,
          hangedman_vaults_stretched_pinwheel, nicolae_vaults_trapezoid_1,
          layout_vaults_quadrants, serial_shops, nicolae_shop_behind_doors
Vaults:4: nicolae_vaults_mitosis, nicolae_vaults_weapon_check,
          nicolae_vaults_swerve, grunt_vaults_funnel,
          nicolae_vaults_network_square, v_misc_3, ontoclasm_vaults_gallery,
          nicolae_vaults_yaktaur_gun_rack, ontoclasm_vaults_tryst,
          layout_vaults_ring, serial_hangedman_research,
          hangedman_research_pyrotechnics, hangedman_research_metamorphosis,
          serial_shops, shop
Vaults:5: serial_shops
Depths:1: layout_gridlike, enter_ziggurat_f, serial_bayou_pond_a,
          pf_hell_entry_great_geh, nemelex_diamond_rough_becter, uniq_nikola
Depths:2: ragdoll_tomb_raider, layout_cave_shapes, hell_entry,
          rand_demon_pan_entry_5, amcnicky_mini_pool_small,
          infiniplex_enter_wizlab_spiral, minmay_shop_star, grunt_megastairs_4,
          uniq_grunn, uniq_asterion
Depths:3: kennysheep_oblong_rooms, layout_gridlike, grunt_gozag_statues,
          abyss_entry, hell_entry
Depths:4: grunt_zot_entry_bicorn, layout_cave_shapes, minmay_misc_feat_x,
          hell_entry, pan_entry, nicolae_uskayaw_murder_on_the_dancefloor

Skill      XL: |  1  2  3  4  5  6  7  8  9 10 11 12 13 14 15 16 17 18 19 20 21 22 23 |
---------------+----------------------------------------------------------------------+-----
Axes           | 2 3 4 5 6 7 9 11 12 14 15 16 17 18 | 18.0
Shields        | 13 14 15 16 17 18 19 20 21 | 21.2
Fighting       | 4 5 6 7 8 10 11 12 13 14 15 17 19 21 22 | 22.0
Invocations    | 2 4 5 9 10 | 10.0
Dodging        | 1 2 3 4 5 6 7 8 9 |  9.0
Armour         | 4 5 6 8 9 10 11 13 15 16 18 19 20 | 20.4
Throwing       | 2 3 6 7 8 9 11 12 | 12.1

Action                     |  1- 3 |  4- 6 |  7- 9 | 10-12 | 13-15 | 16-18 | 19-21 | 22-24 || total
---------------------------+-------+-------+-------+-------+-------+-------+-------+-------++-------
  Melee: War axe           |   122 |   136 |    29 |   585 |    68 |    17 |       |       ||   957
         Broad axe         |       |    20 |   193 |       |   667 |   861 |   897 |   428 ||  3066
  Throw: Boomerang         |       |       |     1 |     6 |    83 |    18 |    12 |       ||   120
         Javelin           |       |       |       |    18 |       |   161 |   168 |    44 ||   391
 Invoke: Heroism           |       |       |     8 |    19 |    16 |    40 |    19 |    18 ||   120
         Finesse           |       |       |       |     2 |     9 |    10 |    14 |     8 ||    43
    Use: Scroll            |       |    10 |     3 |     3 |     8 |     6 |     2 |     6 ||    38
         Potion            |       |     3 |     4 |     1 |       |     8 |       |     6 ||    22
   Stab: Distracted        |       |       |       |       |     1 |     2 |     1 |       ||     4
 Armour: Scale mail        |    58 |       |       |       |       |       |       |       ||    58
         Chain mail        |       |    56 |    26 |       |       |       |       |       ||    82
         Plate armour      |       |       |    15 |   136 |   190 |    72 |   168 |   176 ||   757
         Crystal plate arm |       |       |       |       |       |   159 |    61 |       ||   220
  Dodge: Dodged            |    62 |    29 |    44 |   148 |   163 |   362 |   236 |   194 ||  1238
  Block: Buckler           |    22 |    53 |       |       |       |       |       |       ||    75
         Reflection        |       |     2 |    12 |       |       |       |       |       ||    14
         Tower shield      |       |    31 |   282 |   722 |   906 |  1248 |  1002 |   576 ||  4767

Table legend:
 A = Non-vault XP
 B = Vault XP
 C = Vault XP percentage of total XP
 D = Non-vault monster count
 E = Vault monster count
 F = Vault count percentage of total count
                 A         B        C        D         E       F
            +---------+---------+-------+---------+---------+-------
      Total |  449221 |  363175 |  44.7 |    1102 |     598 |  35.2
            +---------+---------+-------+---------+---------+-------
        D:1 |      82 |       0 |   0.0 |      38 |       0 |   0.0
        D:2 |      36 |      40 |  52.6 |      10 |       3 |  23.1
        D:3 |      69 |       3 |   4.2 |      22 |       2 |   8.3
        D:4 |     692 |    1124 |  61.9 |      21 |      16 |  43.2
        D:5 |     940 |       0 |   0.0 |      24 |       0 |   0.0
        D:6 |     137 |     561 |  80.4 |       5 |       2 |  28.6
        D:7 |    1518 |       0 |   0.0 |      16 |       0 |   0.0
        D:8 |    2241 |     466 |  17.2 |      22 |       6 |  21.4
        D:9 |    3676 |    1340 |  26.7 |      34 |       5 |  12.8
       D:10 |    3066 |    2071 |  40.3 |       8 |      12 |  60.0
       D:11 |    5461 |       0 |   0.0 |      34 |       0 |   0.0
       D:12 |    7399 |       0 |   0.0 |      22 |       0 |   0.0
       D:13 |    4227 |    3383 |  44.5 |       9 |       8 |  47.1
       D:14 |    6433 |    1019 |  13.7 |      15 |       1 |   6.2
       D:15 |       0 |   59704 | 100.0 |       0 |     110 | 100.0
     Lair:1 |    2553 |       0 |   0.0 |       8 |       0 |   0.0
     Lair:2 |    6762 |    2153 |  24.2 |      30 |      14 |  31.8
     Lair:3 |   13250 |       0 |   0.0 |      39 |       0 |   0.0
     Lair:4 |    9098 |    2831 |  23.7 |      28 |      11 |  28.2
     Lair:5 |   14328 |    7339 |  33.9 |      50 |      43 |  46.2
   Shoals:1 |   12323 |    1356 |   9.9 |      21 |       1 |   4.5
   Shoals:2 |   15715 |       0 |   0.0 |      32 |       0 |   0.0
   Shoals:3 |   15120 |       0 |   0.0 |      33 |       0 |   0.0
   Shoals:4 |   13501 |   24332 |  64.3 |      29 |      37 |  56.1
   Spider:1 |    7661 |       0 |   0.0 |      24 |       0 |   0.0
   Spider:2 |   19719 |       0 |   0.0 |      52 |       0 |   0.0
   Spider:3 |   21844 |       0 |   0.0 |      54 |       0 |   0.0
   Spider:4 |   25602 |   21804 |  46.0 |      54 |      34 |  38.6
      Orc:1 |    1667 |    2736 |  62.1 |      16 |       7 |  30.4
      Orc:2 |    2465 |    8990 |  78.5 |      35 |      32 |  47.8
   Vaults:1 |   21630 |   20782 |  49.0 |      37 |      36 |  49.3
   Vaults:2 |   33018 |   23890 |  42.0 |      54 |      34 |  38.6
   Vaults:3 |   31012 |   23127 |  42.7 |      45 |      32 |  41.6
   Vaults:4 |   18865 |   22094 |  53.9 |      30 |      36 |  54.5
   Vaults:5 |   17079 |   63748 |  78.9 |      25 |      60 |  70.6
   Depths:1 |   26998 |    2289 |   7.8 |      34 |       1 |   2.9
   Depths:2 |   34753 |   41203 |  54.2 |      36 |      34 |  48.6
   Depths:3 |   25794 |    9090 |  26.1 |      34 |       7 |  17.1
   Depths:4 |   22487 |   15700 |  41.1 |      22 |      14 |  38.9
            +---------+---------+-------+---------+---------+-------
